 Dungeon Crawl Stone Soup version 0.21.0 (webtiles) character file.

1623513 polly the Conqueror (level 27, -9/179 HPs)
             Began as a Gargoyle Berserker on Jan 6, 2018.
             Was the Champion of the Shining One.
             Hit by an earth elemental thrown by iron giant (22 damage)
             ... on level 22 of a ziggurat on Jan 7, 2018.
             The game lasted 08:57:33 (118560 turns).

polly the Conqueror (Gargoyle Berserker)          Turns: 118560, Time: 08:57:33

Health: -9/179     AC: 43    Str: 20 (21) XL:     27
Magic:  0/54       EV: 18    Int: 14      God:    the Shining One [******]
Gold:   12850      SH: 21    Dex: 21      Spells: 55/80 levels left

rFire    + + +     SeeInvis .   K - +9 sacred scourge (holy)
rCold    + + .     Gourm    .   J - +2 shield of Resistance {rF+ rC+ MR+}
rNeg     + + +     Faith    .   B - +12 gold dragon scales
rPois    ∞         Spirit   +   T - +2 hat of the Bear Spirit {Spirit, +Rage rN+ MR++}
rElec    +         Reflect  .   f - scarf {cloud immunity}
rCorr    +         Harm     .   e - +0 pair of fencer's gloves {+Riposte Dex+3}
MR       +++++                  y - +0 pair of boots "Vetuag" {rPois Regen+}
Stlth    ..........             V - amulet "Oneiju" {rC+ rN+ MR- Regen+ Int+5}
HPRegen  1.19/turn              Q - ring of resist corrosion
MPRegen  0.34/turn              P - ring "Gyomad" {Fire +Blink rElec Str-3 Slay+5}

@: corroded, flying, glowing
A: antennae 1, big wings, hooves 2, slimy green scales 1, deterioration 2, fire
resistance 1, frail 1, magic resistance 1, negative energy resistance 1,
electricity resistance, unbreathing, petrification resistance, rot immunity,
sturdy frame 1, AC +20
0: Orb of Zot
}: 15/15 runes: decaying, slimy, silver, golden, iron, obsidian, icy, bone,
abyssal, demonic, glowing, magical, fiery, dark, gossamer
a: Stop Flying, Divine Shield, Cleansing Flame, Summon Divine Warrior, Renounce
Religion, Evoke Blink, Evoke Berserk Rage


You were on level 22 of a ziggurat.
You worshipped the Shining One.
The Shining One was exalted by your worship.
You were not hungry.

You visited 18 branches of the dungeon, and saw 90 of its levels.
You visited Pandemonium 1 time, and saw 20 of its levels.
You visited the Abyss 6 times.
You visited 1 ziggurat, and saw 22 of its levels.
You also visited: Labyrinth, Trove, Ossuary and Ice Cave.

You collected 17584 gold pieces.
You spent 4734 gold pieces at shops.

Inventory:

Hand Weapons
 I - a +9 eveningstar of protection
 K - a +9 sacred scourge of holy wrath (weapon)
Missiles
 U - 6 throwing nets (quivered)
Armour
 e - the +0 pair of fencer's gloves (worn) {+Riposte Dex+3}
   (You bought it in a shop on level 2 of the Vaults)

   It affects your dexterity (+3).
 f - a scarf of cloud immunity (worn)
 s - a scarf of cloud immunity
 y - the +0 pair of boots "Vetuag" (worn) {rPois Regen+}
   (You bought it in a shop on level 5 of the Dungeon)

   It protects you from poison.
   It increases your rate of regeneration.
 B - +12 gold dragon scales (worn)
 J - the +2 shield of Resistance (worn) {rF+ rC+ MR+}
   (You found it on level 3 of the Tomb of the Ancients)

   It protects you from fire.
   It protects you from cold.
   It affects your resistance to hostile enchantments.
 T - the +2 hat of the Bear Spirit (worn) {Spirit, +Rage rN+ MR++}
   (You found it on level 5 of the Vaults)

   It protects you from negative energy.
   It affects your resistance to hostile enchantments.
   It lets you go berserk.
Jewellery
 d - a +5 ring of protection
 j - the amulet "Fecweeh" {Reflect Fragile rPois Slay+5 SH+4 Stlth-}
   (You took it off Antaeus on level 7 of Cocytus)

   [amulet of reflection]

   It shields you and reflects attacks.
   It affects your accuracy and damage with ranged weapons and melee attacks
   (+5).
   It protects you from poison.
   It will be destroyed if unequipped.
   It affects your SH (+4).
   It makes you less stealthy.
 q - the ring of Gluttony {Wiz rC+ Str+3}
   (You took it off a deep elf master archer on level 3 of the Elven Halls)

   [ring of wizardry]

   It improves your spell success rate.
   It affects your strength (+3).
   It protects you from cold.
 A - the ring of the Enemy {MP+9 Slay+4}
   (You found it on level 1 of the Vaults)

   [ring of magical power]

   It affects your accuracy and damage with ranged weapons and melee attacks
   (+4).
   It affects your magic capacity (+9).
 P - the ring "Gyomad" (right hand) {Fire +Blink rElec Str-3 Slay+5}
   (You took it off a yaktaur on level 5 of the Vaults)

   [ring of fire]

   It enhances your fire magic.
   It affects your strength (-3).
   It affects your accuracy and damage with ranged weapons and melee attacks
   (+5).
   It protects you from fire.
   It makes you vulnerable to cold.
   It insulates you from electricity.
   It lets you blink.
 Q - a ring of resist corrosion (left hand)
 V - the amulet "Oneiju" (around neck) {rC+ rN+ MR- Regen+ Int+5}
   (You took it off a balrug on level 7 of Gehenna)

   [amulet of regeneration]

   It affects your intelligence (+5).
   It protects you from cold.
   It protects you from negative energy.
   It affects your resistance to hostile enchantments.
   It increases your rate of regeneration.
Wands
 b - a wand of digging (32)
Scrolls
 i - 7 scrolls of identify
 m - 7 scrolls of blinking
 u - 7 scrolls of enchant weapon
 v - 40 scrolls of remove curse
 w - 6 scrolls of fear
 z - 13 scrolls of teleportation
 C - 2 scrolls of enchant armour
 D - 9 scrolls of vulnerability
 F - 4 scrolls of magic mapping
 G - 7 scrolls of fog
 M - 5 scrolls of silence
 S - a scroll of acquirement
 Z - 7 scrolls of holy word
Potions
 a - 2 potions of mutation
 l - 5 potions of might
 n - 5 potions of cancellation
 o - 6 potions of resistance
 t - 4 potions of agility
 x - 8 potions of heal wounds
 N - 3 potions of curing
 O - 4 potions of ambrosia
Miscellaneous
 g - a lightning rod (4/4)
 h - a lamp of fire
 p - a lightning rod (4/4)
 r - 10 phantom mirrors
 E - a figurine of a ziggurat
 H - a lamp of fire
 L - a fan of gales
 R - a phial of floods
 W - a lightning rod (4/4)
 X - a phial of floods
Comestibles
 c - 47 rations


   Skills:
 O Level 27 Fighting
   Level 2.5(17.5) Axes
 O Level 27 Maces & Flails
 - Level 2.4 Throwing
 O Level 27 Armour
 * Level 19.9 Dodging
 - Level 3.5 Stealth
 O Level 27 Shields
 - Level 2.3 Unarmed Combat
 O Level 27 Spellcasting
 * Level 20.9 Hexes
 * Level 21.0 Charms
 + Level 2.7 Necromancy
 * Level 21.8 Translocations
 + Level 2.0 Ice Magic
 + Level 4.3 Air Magic
 O Level 27 Invocations
 * Level 26.1 Evocations


You had 55 spell levels left.
You knew the following spells:

 Your Spells              Type           Power        Failure   Level  Hunger
a - Regeneration          Chrm/Necr      ######....   1%          3    None
b - Apportation           Tloc           ######       0%          1    None
c - Swiftness             Chrm/Air       ######..     1%          2    None
d - Silence               Hex/Air        ######....   1%          5    ##.....
e - Infusion              Chrm           ####         0%          1    None
f - Shroud of Golubria    Chrm/Tloc      ######....   0%          2    None
g - Song of Slaying       Chrm           ######..     0%          2    None
h - Ozocubu's Armour      Chrm/Ice       ######..     1%          3    None
i - Deflect Missiles      Chrm/Air       ######....   11%         6    ####...


Dungeon Overview and Level Annotations

Branches:
Dungeon (15/15)            Temple (1/1) D:7            Lair (6/6) D:10
  Swamp (4/4) Lair:3       Spider (4/4) Lair:2        Slime (5/5) Lair:6
    Orc (2/2) D:9             Elf (3/3) Orc:2        Vaults (5/5) D:13
  Crypt (3/3) Vaults:3       Tomb (3/3) Crypt:3      Depths (5/5) D:15
   Hell (1/1)                 Dis (7/7) Hell            Geh (7/7) Hell
    Coc (7/7) Hell            Tar (7/7) Hell            Zot (5/5) Depths:5

Altars:
Ashenzari
Cheibriados
Dithmenos
Elyvilon
Fedhas
Gozag
Hepliaklqana
Kikubaaqudgha
Makhleb
Nemelex Xobeh
Okawaru
Qazlal
Ru
Sif Muna
Trog
Uskayaw
Vehumet
Wu Jian
Xom
Yredelemnul
Zin
The Shining One
Beogh

Shops:
D:5 [   D:8 !   D:9 (!   D:15 [*   Orc:2 (*=%?=}[(   Elf:1 }   Elf:3 (
Vaults:1 (   Vaults:2 [*   Depths:2 }==

Portals:
Hell: Depths:1 Depths:2 Depths:3 Depths:4 Depths:5
Abyss: Depths:4
Pandemonium: Depths:1 Depths:3 Depths:5

Annotations:
Zot:4 1 transporter


Innate Abilities, Weirdness & Mutations

You are resistant to torment.
Your stone body is resilient. (AC +20)
You are immune to poison.
Your large and strong wings let you fly indefinitely.
You resist negative energy. (rN+)
You are resistant to electric shocks. (rElec)
You can survive without breathing.
You are immune to petrification.
You are immune to rotting.
You have a pair of small antennae on your head.
You have hoof-like feet.
You are partially covered in slimy green scales. (AC +2)
Your body often deteriorates upon taking damage.
Your flesh is heat resistant. (rF+)
You are frail. (-10% HP)
You are resistant to hostile enchantments. (MR+)
Your movements are slightly less encumbered by armour. (ER -2)


Message History

Unknown command.
Unknown command.
Your blink will be uncontrolled - continue anyway?
The Orb prevents control of your translocation!
You blink.
As you read the scroll of blinking, it crumbles to dust. 2 earth elementals come into view.
The iron giant is engulfed in blazing flames.
The war gargoyle is engulfed in blazing flames.
The iron giant is engulfed in blazing flames.
The iron giant points at you and mumbles some strange words.
The iron shot misses you.
The iron dragon is engulfed in blazing flames.
The Hell Sentinel is lost in a daze.
The iron giant throws the stone giant at you!
* * * LOW HITPOINT WARNING * * *
The iron giant throws the iron dragon at you!
* * * LOW HITPOINT WARNING * * *
The iron giant throws the earth elemental at you!
You die...

▓▓▓▓▓▓▓▓▓▓▓▓▓▓▓
▓▓.............▓▓
▓.....EDC.......▓▓
.......@.........▓▓
...##.......##....▓▓
##..§§§###.....▓▓
#E§..9##.......▓▓
.EC8CC99§§§.....▓▓
.E§§§§§2§88§......▓▓
.....9.§§1a§§)....∩.▓
.....E..§19X§§......▓▓
...8.§9§§§.....▓▓


You could see 3 iron giants, a Hell Sentinel (dazed), an iron golem, an iron
dragon, a stone giant, an entropy weaver, an Executioner, a crystal guardian, 3
war gargoyles, a large abomination, 5 earth elementals, a tormentor (dazed) and
2 gargoyles.

Vanquished Creatures
  Cerebov (Pan)
  Asmodeus (Geh:7)
  Antaeus (Coc:7)
  the Royal Jelly (Slime:5)
  Ereshkigal (Tar:7)
  Ignacio (Pan)
  Gloorx Vloq (Pan)
  Lom Lobon (Pan)
  the Serpent of Hell (Geh:7)
  Mnoleg (Pan)
  2 seraphim
  Dispater (Dis:7)
  Mara (Spider:4)
  4 orbs of fire
  18 ancient liches
  The ghost of Kingkept the Slayer, a legendary HOFi of Okawaru (Geh:4)
  2 juggernauts
  33 greater mummies
  11 shard shrikes
  Sojobo (Tomb:3)
  Frederick (Vaults:2)
  Saint Roka (Orc:2)
  Bai Suzhen (Depths:2)
  3 curse toes
  4 Killer Klowns
  Geryon (Hell)
  69 pandemonium lords
  8 caustic shrikes
  Nikola (Vaults:2)
  14 golden dragons
  A pearl dragon (Zig:14)
  3 profane servitors
  19 bone dragons
  The ghost of ziggurnaut the Acrobat, a veteran DEFE of Vehumet (Depths:4)
  35 Tzitzimimeh
  36 Brimstone Fiends
  6 electric golems
  3 doom hounds
  15 iron giants
  Jorgrun (Tomb:1)
  A hellephant (Tomb:2)
  32 Hell Sentinels
  22 tentacled monstrosities
  Rupert (Lair:6)
  40 Ice Fiends
  122 Orb Guardians
  34 liches
  7 deep elf master archers
  8 quicksilver dragons
  38 acid blobs
  15 deep elf blademasters
  The ghost of Faca the Minotaur Blade, an adept MiFi of Okawaru (Spider:4)
  7 titans
  7 eldritch tentacles
  8 death cobs
  34 Executioners
  Gastronok (Lair:2)
  29 tentacled starspawn
  24 ancient champions
  16 sphinxes
  20 tengu reavers
  2 thorn hunters
  19 storm dragons
  36 shadow dragons
  5 warmongers
  Roxanne (Swamp:2)
  5 revenants
  Donald (Orc:2)
  8 draconian monks
  8 daevas
  15 azure jellies
  16 fire giants
  18 frost giants
  12 draconian scorchers
  9 deep elf sorcerers
  4 ghost moths (Spider:4)
  4 emperor scorpions
  9 draconian knights
  71 balrugs
  Aizul (Swamp:2)
  10 iron dragons
  11 vault wardens
  10 draconian stormcallers
  4 orc warlords
  4 curse skulls
  The ghost of jerkstore the Scorcher, an adept DEFE of Vehumet (Spider:4)
  32 cacodemons
  5 deep elf elementalists
  12 angels
  13 draconian shifters
  13 ironheart preservers
  4 juggernaut skeletons
  109 reapers
  9 ghouls
  45 stone giants
  27 very ugly things
  4 elemental wellsprings
  19 draconian annihilators
  21 war gargoyles
  5 ophanim (Zig:14)
  A caustic shrike skeleton (Zig:10)
  5 spriggan defenders
  11 blood saints
  75 starcursed masses
  14 deep elf demonologists
  A dire elephant (Abyss:4)
  22 bennus
  17 green draconians
  18 vampire knights
  8 apis (Zig:14)
  8 entropy weavers
  17 black draconians
  13 yellow draconians
  21 lorocyprocas
  22 deep elf annihilators
  7 black suns
  20 purple draconians
  16 corrupters
  19 white draconians
  8 spark wasps
  20 red draconians
  Snorg (Orc:2)
  9 eidola
  19 mummy priests
  39 blizzard demons
  22 deep elf death magi
  A minotaur (Lab)
  26 green deaths
  29 ettins
  72 small abominations
  18 jiangshi
  A merfolk impaler (Depths:1)
  23 great orbs of eyes
  11 deep elf high priests
  11 fire dragons
  10 death oozes
  8 quicksilver dragon zombies
  20 yaktaur captains
  3 crystal guardians
  17 rakshasas
  27 ice dragons
  2 quicksilver dragon skeletons
  32 vault guards
  Fannar (Lair:2)
  12 hydras
  20 hell beasts
  7 ghost crabs
  Erolcha (D:9)
  5 monstrous demonspawn
  12 centaur warriors
  20 ogre magi
  4 catoblepae
  43 dancing weapons
  7 spriggan air magi
  A two-headed ogre (shapeshifter) (Vaults:5)
  An anaconda (shapeshifter) (Zig:17)
  Erica (D:8)
  2 satyrs (Abyss:4)
  8 death knights
  8 alligators
  56 death scarabs
  11 deep troll shamans
  37 two-headed ogres
  11 vampire magi
  10 deep troll earth magi
  5 death yaks
  A spectral spriggan (Depths:4)
  2 tengu warriors
  13 spriggan berserkers
  30 hell hogs
  19 thrashing horrors
  15 titan zombies
  4 orc high priests
  Urug (Lair:2)
  88 large abominations
  3 iron golems
  3 shock serpents (Pan)
  Nergalle (Lair:4)
  42 deep elf knights
  15 storm dragon zombies
  131 sun demons
  10 titan skeletons
  13 wretched stars
  158 skeletal warriors
  8 golden dragon zombies
  58 soul eaters
  2 death drakes
  48 hell knights
  3 storm dragon skeletons
  68 sixfirhies
  23 shadow wraiths
  Sonja (D:12)
  4 iron trolls
  2 spark wasp zombies (Zig:11)
  An unseen horror (shapeshifter) (Vaults:1)
  12 anaconda zombies
  A death drake (shapeshifter) (D:15)
  An iron giant zombie (Crypt:1)
  5 unseen horrors
  5 cherubim
  10 wizards
  5 spatial maelstroms
  4 spriggan druids
  4 infernal demonspawn
  3 spectral hydras (Swamp:4)
  6 swamp dragons
  15 gelid demonspawn
  26 deep trolls
  25 phantasmal warriors
  5 kraken simulacra
  33 shadow demons
  12 torturous demonspawn
  35 deep elf archers
  3 ghost moth zombies
  16 glowing orange brains
  An orange crystal statue (Zig:9)
  16 flayed ghosts
  7 anaconda skeletons
  9 shadow dragon zombies
  7 golden dragon skeletons
  22 ironbrand convokers
  A swamp dragon (shapeshifter) (Vaults:5)
  2 harpies (shapeshifter)
  A lindwurm (Lair:5)
  3 shambling mangroves
  15 fire giant zombies
  7 orc sorcerers
  33 necromancers
  A harpy (Zig:17)
  4 shadow dragon skeletons
  14 orb spiders
  6 oklob plants
  17 orc knights
  11 shining eyes
  83 deep elf magi
  8 iron dragon zombies
  An orb spider (shapeshifter) (Vaults:5)
  25 wolf spiders
  2 wolf spider zombies
  7 stone giant zombies
  36 ugly things
  2 sphinx skeletons
  2 mana vipers (shapeshifter)
  3 iron dragon skeletons
  20 worldbinders
  11 frost giant zombies
  A faun (shapeshifter) (Vaults:2)
  20 cyclopes
  8 manticores
  3 elephants (Lair:5)
  13 fire giant skeletons
  6 dire elephant zombies
  A moth of wrath (shapeshifter) (Zig:17)
  33 moths of wrath
  A black mamba (shapeshifter) (Zig:17)
  4 toenail golems
  2 guardian serpents
  5 ice statues
  2 water nymphs (Abyss:4)
  3 shock serpent zombies
  2 black mambas
  4 stone giant skeletons
  106 rust devils
  9 molten gargoyles
  4 apocalypse crabs
  7 eyes of devastation
  4 torpor snails
  16 spiny frogs
  5 storm dragon simulacra (Coc:7)
  103 smoke demons
  4 elf zombies
  5 titan simulacra
  7 frost giant skeletons
  A torpor snail (shapeshifter) (Depths:3)
  2 gargoyles (Zig:22)
  3 kobold demonologists
  59 hellions
  14 vault sentinels
  67 orange demons
  3 shock serpent skeletons
  3 catoblepas zombies
  13 efreet
  A black draconian zombie (Crypt:1)
  6 dire elephant skeletons
  A purple draconian zombie (Dis:4)
  A spark wasp simulacrum (Depths:4)
  67 yaktaurs
  A rime drake (shapeshifter) (Depths:3)
  A redback zombie (D:14)
  28 demonic crawlers
  37 freezing wraiths
  3 swamp worm zombies (Swamp:4)
  72 tormentors
  7 anaconda simulacra
  A rime drake (Lair:5)
  14 komodo dragons
  89 hellwings
  A red draconian skeleton (Crypt:2)
  4 tengu conjurers
  21 trolls
  2 catoblepas skeletons
  17 ancient zymes
  A komodo dragon (shapeshifter) (Abyss:1)
  A minotaur zombie (Dis:1)
  51 guardian mummies
  4 silent spectres
  89 ice devils
  2 polar bears (shapeshifter)
  8 harpy zombies
  108 red devils
  17 jumping spiders
  24 hydra zombies
  A hornet (shapeshifter) (Elf:3)
  A queen bee (shapeshifter) (Abyss:2)
  23 polar bears
  2 yaktaur skeletons
  A wolf spider simulacrum (D:14)
  10 tyrant leeches
  A harpy skeleton (Tar:7)
  A wind drake (shapeshifter) (Vaults:5)
  30 hornets
  3 spectral swamp dragons (Swamp:4)
  8 hydra skeletons
  44 raiju
  A merfolk (shapeshifter) (Depths:4)
  Grinder (D:6)
  10 hippogriffs
  14 fire dragon zombies
  146 slime creatures
  14 dream sheep
  3 hippogriffs (shapeshifter)
  16 bog bodies
  10 ettin zombies
  8 ice dragon zombies
  16 alligator zombies
  4 blink frogs
  108 flying skulls
  22 spriggans
  A tarantella (shapeshifter) (Zig:21)
  9 fire dragon skeletons
  7 ettin skeletons
  5 ice dragon skeletons
  11 air elementals
  35 shadows
  A meliai zombie (D:14)
  65 redbacks
  A vampire (Abyss:2)
  2 alligator skeletons
  An elf simulacrum (Depths:4)
  20 water elementals
  A black mamba zombie (Dis:6)
  25 tarantellas
  47 wraiths
  47 ynoxinuls
  18 ushabtiu
  47 yaks
  5 wyverns
  2 basilisks (shapeshifter)
  A human (shapeshifter) (Depths:1)
  A fire bat (Abyss:2)
  19 fire elementals
  3 yaks (shapeshifter)
  An emperor scorpion simulacrum (Tomb:2)
  A golden eye (shapeshifter) (D:15)
  30 golden eyes
  53 neqoxecs
  2 basilisks (Lair:6)
  9 vampire mosquitoes
  9 hungry ghosts
  60 chaos spawn
  26 insubstantial wisps
  A swamp worm (shapeshifter) (Depths:3)
  9 spatial vortices
  8 wargs
  22 swamp worms
  2 soldier ants
  An acid dragon (Vaults:2)
  A merfolk zombie (Geh:5)
  A two-headed ogre zombie (Crypt:1)
  9 hydra simulacra
  9 water moccasins
  93 hell hounds
  60 orc warriors
  8 spiny frog zombies
  7 porcupines
  7 swamp drakes
  9 ice beasts
  4 floating eyes
  An alligator simulacrum (Hell)
  A dream sheep zombie (Crypt:2)
  A hornet zombie (Crypt:1)
  8 snapping turtle zombies
  4 manticore zombies
  5 sky beasts
  5 spiny frog skeletons
  6 swamp dragon zombies
  17 phantoms
  17 black bears
  22 necrophages
  12 boggarts
  9 eyes of draining
  A black bear (shapeshifter) (D:15)
  A tengu (shapeshifter) (Vaults:2)
  33 wolves
  A torpor snail zombie (Crypt:1)
  51 ogres
  6 snapping turtle skeletons
  24 centaurs
  4 manticore skeletons
  A swamp dragon skeleton (Geh:3)
  9 crocodiles
  A lindwurm skeleton (Crypt:2)
  2 big kobolds
  13 bullfrogs
  4 earth elementals
  A glowing shapeshifter simulacrum (Vaults:3)
  An elf skeleton (D:8)
  A spiny frog simulacrum (Hell)
  15 scorpions
  9 wyvern skeletons (Crypt:3)
  9 killer bees
  111 wights
  A vampire bat (D:4)
  5 spriggan skeletons
  8 electric eels
  6 centaur zombies
  41 crimson imps
  A howler monkey (D:6)
  6 hounds
  16 quasits
  6 centaur skeletons
  19 jellies
  15 orc priests
  5 human zombies
  21 orc wizards
  6 iguanas
  57 iron imps
  3 bullfrog skeletons
  5 human skeletons
  15 worker ants
  10 hell rats (Lair:2)
  A spectral swamp drake (Swamp:4)
  A lightning spire (Zig:14)
  A killer bee zombie (D:5)
  An acid dragon zombie (Crypt:1)
  3 big kobold zombies (Ossuary)
  2 ogre zombies
  2 tengu zombies
  A naga zombie (Dis:3)
  An ogre skeleton (Lab)
  A tengu skeleton (Crypt:3)
  A human simulacrum (Tomb:2)
  A naga skeleton (Geh:4)
  71 mummies
  A howler monkey skeleton (D:10)
  A swamp drake zombie (Swamp:4)
  9 adders
  13 river rats (Lair:2)
  4 scorpion zombies (Ossuary)
  22 shadow imps
  29 white imps
  13 ufetubi
  7 oozes
  An adder skeleton (D:6)
  An iguana skeleton (Crypt:2)
  3 worms
  A dart slug (D:1)
  6 leopard geckos
  93 orcs
  14 bats
  6 giant cockroaches
  4 gnoll zombies (Ossuary)
  9 goblins
  5 hobgoblins
  2 jackals (D:6)
  12 kobolds
  9 quokkas
  2 ball pythons
  4 frilled lizards
  A goblin skeleton (Crypt:1)
  A goblin zombie (Ossuary)
  2 hobgoblin zombies (Ossuary)
  A jackal skeleton (D:5)
  A kobold skeleton (Dis:6)
  2 kobold zombies (Ossuary)
  4 orc zombies
  2 quokka skeletons (D:4)
  A quokka zombie (D:9)
  18 rats
  A rat zombie (Crypt:2)
  4 briar patches (Zig:9)
  3 bushes (Abyss:4)
  9 crawling corpses
  A fungus (Spider:1)
  A lurking horror (Abyss:4)
  9 plants
  41 starspawn tentacles
  5 tentacles
  2 withered plants (Crypt:3)
7428 creatures vanquished.

Vanquished Creatures (collateral kills)
  A seraph (Pan)
  An Orb Guardian (Tomb:3)
  A storm dragon (Depths:2)
  2 stone giants
  A sun demon (Zig:14)
  A cherub (Tomb:3)
  An ironbrand convoker (Zig:17)
  An orange demon (Pan)
  A hellion (Zig:13)
  A freezing wraith (Zig:17)
  A golden eye (Slime:4)
  An earth elemental (Zig:19)
13 creatures vanquished.

Vanquished Creatures (others)
  2 pandemonium lords
  A Brimstone Fiend (Zig:12)
  An Orb Guardian (Zig:12)
  An eldritch tentacle (Pan)
  2 sphinxes (Tomb:1)
  An ironheart preserver (Vaults:5)
  A draconian annihilator (Pan)
  An elemental wellspring (Coc:7)
  A blizzard demon (Zig:20)
  A deep elf death mage (Elf:2)
  A hydra (Swamp:2)
  8 death scarabs (Tomb:3)
  2 ogre magi (Depths:3)
  A soul eater (Pan)
  A storm dragon skeleton (Geh:7)
  A sixfirhy (D:7)
  A skeletal warrior (Tomb:2)
  An iron troll (Slime:4)
  An unseen horror (shapeshifter) (Depths:2)
  3 deep elf magi
  3 cyclopes
  A rust devil (Tomb:2)
  An orange demon (Tomb:2)
  A hellion (Geh:7)
  2 ice devils
  A yaktaur (Depths:2)
  A hellwing (Pan)
  A red devil (Tomb:2)
  A polar bear (IceCv)
  A bog body (Swamp:2)
  2 large abominations
  2 small abominations (Abyss:2)
  10 flying skulls
  A redback (Spider:1)
  A water elemental (Zig:19)
  An air elemental (Elf:2)
  A wraith (Geh:4)
  A ynoxinul (Tomb:3)
  3 golden eyes (Tomb:1)
  An ushabti (Tomb:2)
  A neqoxec (Tomb:3)
  A fire elemental (Geh:2)
  6 chaos spawn
  3 insubstantial wisps (Swamp:4)
  A hell hound (Tomb:2)
  A wolf (IceCv)
  2 ogres
  A wight (Geh:7)
  An orc wizard (Orc:2)
  A human skeleton (Tar:5)
  2 mummies
  A shadow imp (Tar:5)
  A white imp (Tomb:2)
  2 ufetubi
  8 ball lightnings (Pan)
  4 briar patches (Zig:9)
  3 crawling corpses
  A demonic plant (Abyss:4)
  5 lurking horrors
  11 plants
  63 starspawn tentacles
  17 tentacles
  2 withered plants (Crypt:3)
206 creatures vanquished.

Grand Total: 7647 creatures vanquished

Notes
Turn   | Place    | Note
-------+----------+-------------------------------------------
     0 | D:1      | polly the Gargoyle Berserker began the quest for the Orb.
     0 | D:1      | Reached XP level 1. HP: 14/14 MP: 1/1
   113 | D:1      | Reached XP level 2. HP: 18/19 MP: 2/2
   919 | D:2      | Reached XP level 3. HP: 16/24 MP: 3/3
  1260 | D:2      | Reached ** piety under Trog
  1552 | D:2      | Reached XP level 4. HP: 2/29 MP: 4/4
  1875 | D:3      | Found an ornate altar of the Wu Jian Council.
  1906 | D:3      | Reached skill level 1 in Shields
  1906 | D:3      | Reached XP level 5. HP: 32/33 MP: 5/5
  2296 | D:4      | Noticed a phantom
  2325 | D:4      | Killed a phantom
  2325 | D:4      | Reached skill level 5 in Maces & Flails
  2325 | D:4      | Reached skill level 1 in Stealth
  2335 | D:4      | Reached XP level 6. HP: 34/39 MP: 6/6
  2745 | D:4      | Reached XP level 7. HP: 30/44 MP: 7/7
  2837 | D:5      | Entered Level 5 of the Dungeon
  2839 | D:5      | Reached *** piety under Trog
  3052 | D:5      | Found Liatut's Armour Boutique.
  3060 | D:5      | Bought the cursed +0 pair of boots "Vetuag" {rPois Regen+} for 152 gold pieces
  3331 | D:6      | Reached XP level 8. HP: 42/48 MP: 8/8
  3337 | D:6      | Reached skill level 5 in Fighting
  3572 | D:6      | Noticed Grinder
  3573 | D:6      | Paralysed by Grinder for 6 turns
  3592 | D:6      | Paralysed by something for 6 turns
  3602 | D:6      | Paralysed by Grinder for 3 turns
  3607 | D:6      | Killed Grinder
  3651 | D:6      | Found a hazy altar of Hepliaklqana.
  3679 | D:6      | Found a shadowy altar of Dithmenos.
  3680 | D:6      | Found a hazy altar of Hepliaklqana.
  3683 | D:6      | Found an opulent altar of Gozag.
  3684 | D:6      | Found a stormy altar of Qazlal.
  3684 | D:6      | Found an ancient bone altar of Kikubaaqudgha.
  3707 | D:6      | Reached XP level 9. HP: 55/55 MP: 9/9
  3727 | D:6      | Reached **** piety under Trog
  3952 | D:7      | Reached skill level 5 in Shields
  4461 | D:7      | Found a staircase to the Ecumenical Temple.
  4675 | D:8      | Noticed Erica
  4697 | D:8      | Killed Erica
  4697 | D:8      | Reached skill level 5 in Armour
  4723 | D:8      | Found Kasirhumn's Distillery.
  4902 | D:8      | Reached skill level 10 in Maces & Flails
  4902 | D:8      | Reached XP level 10. HP: 61/61 MP: 10/10
  4904 | D:8      | Found a sand-covered staircase.
  4913 | Ossuary  | Entered an ossuary
  5031 | Ossuary  | Reached ***** piety under Trog
  5652 | D:9      | Found Koenk's Weapon Shop.
  5654 | D:9      | Found a staircase to the Orcish Mines.
  5684 | D:9      | Noticed Erolcha
  5705 | D:9      | Killed Erolcha
  5830 | D:9      | Noticed a two-headed ogre
  5841 | D:9      | Killed a two-headed ogre
  5953 | D:9      | Found the +2 pair of boots of the Assassin {Detection Stab+ Stlth++}
  6073 | D:9      | Reached XP level 11. HP: 61/68 MP: 11/11
  6124 | D:9      | Found Neufugot's Distillery.
  6359 | D:9      | Received a gift from Trog
  6511 | Orc:1    | Entered Level 1 of the Orcish Mines
  6511 | Orc:1    | Noticed a cyclops
  6530 | D:10     | Entered Level 10 of the Dungeon
  6699 | D:10     | Found a staircase to the Lair.
  6903 | D:10     | Noticed a rakshasa
  6905 | D:10     | Found the +7 captain's cutlass {speed, disarm}
  6932 | D:10     | Killed a rakshasa
  7054 | D:10     | Killed an unseen horror
  7243 | D:10     | Noticed a death knight
  7271 | D:10     | Killed a death knight
  7353 | D:10     | Noticed a seven-headed hydra
  7360 | D:10     | Killed a seven-headed hydra
  7367 | D:10     | Got a dazzling hand axe
  7369 | D:10     | Identified the +8 hand axe "Ybei" {chop, rPois rC- Str+3 Dex+3} (You found it on level 10 of the Dungeon)
  7674 | D:10     | Noticed an unseen horror
  7692 | D:10     | Killed an unseen horror
  7692 | D:10     | Reached skill level 1 in Axes
  7917 | D:11     | Noticed a brown ugly thing
  7927 | D:11     | Killed a brown ugly thing
  8096 | D:11     | Reached XP level 12. HP: 73/76 MP: 12/12
  8150 | D:11     | Noticed an eight-headed hydra
  8167 | D:11     | Killed an eight-headed hydra
  8512 | D:12     | Received a gift from Trog
  8616 | D:12     | Noticed a centaur warrior
  8623 | D:12     | Killed a centaur warrior
  8736 | D:12     | Found a frozen archway.
  8792 | D:12     | Noticed a two-headed ogre
  8809 | D:12     | Killed a two-headed ogre
  8866 | IceCv    | Entered an ice cave
  8960 | IceCv    | Reached skill level 10 in Fighting
  8960 | IceCv    | Reached skill level 10 in Shields
  9206 | IceCv    | Reached XP level 13. HP: 54/83 MP: 13/13
  9376 | IceCv    | Reached ****** piety under Trog
  9424 | IceCv    | Noticed a frost giant
  9458 | IceCv    | Killed a frost giant
  9485 | IceCv    | Received a gift from Trog
 10100 | D:12     | Noticed Sonja
 10105 | D:12     | Killed Sonja
 10344 | D:13     | Got a faintly humming buckler
 10355 | D:13     | Identified the +4 buckler of Whack-A-Mole {rPois rN+ Str-2 Int+3} (You found it on level 13 of the Dungeon)
 10568 | D:13     | Noticed a vault guard
 10590 | D:13     | Killed a vault guard
 10614 | D:13     | Noticed a vault guard
 10656 | D:13     | Killed a vault guard
 10660 | D:13     | Reached skill level 15 in Maces & Flails
 10663 | D:13     | Noticed a vault guard
 10675 | D:13     | Killed a vault guard
 10709 | D:13     | Noticed a vault guard
 10715 | D:13     | Killed a vault guard
 10855 | D:13     | Reached skill level 5 in Dodging
 10864 | D:13     | Noticed a vault guard
 10874 | D:13     | Killed a vault guard
 10908 | D:13     | Noticed a vault guard
 10929 | D:13     | Killed a vault guard
 10931 | D:13     | Noticed a vault guard
 10945 | D:13     | Killed a vault guard
 10945 | D:13     | Gained mutation: Your large and strong wings let you fly indefinitely. [Gargoyle growth]
 10945 | D:13     | Reached XP level 14. HP: 91/91 MP: 14/14
 10949 | D:13     | Found a gate to the Vaults.
 11220 | Lair:1   | Entered Level 1 of the Lair of Beasts
 11282 | Lair:1   | Received a gift from Trog
 12399 | Lair:2   | Noticed Urug
 12413 | Lair:2   | Killed Urug
 12428 | Lair:2   | Found a glowing golden altar of the Shining One.
 12451 | Lair:2   | Noticed Gastronok
 12466 | Lair:2   | Killed Gastronok
 12554 | Lair:2   | Noticed Fannar
 12571 | Lair:2   | Killed Fannar
 12998 | Lair:2   | Received a gift from Trog
 13336 | Lair:2   | Found a hole to the Spider Nest.
 14001 | Lair:3   | Found a staircase to the Swamp.
 14593 | Lair:4   | Noticed Nergalle
 14605 | Lair:4   | Killed Nergalle
 15682 | Lair:5   | Reached skill level 10 in Armour
 15856 | Lair:5   | Reached XP level 15. HP: 97/97 MP: 15/15
 15891 | Lair:5   | Received a gift from Trog
 16147 | Lair:5   | Got a shimmering rapier
 16150 | Lair:5   | Identified the +1 rapier of Reapportionment {vamp, rF+ rN+ Str+3} (You found it on level 5 of the Lair of Beasts)
 16761 | Lair:1   | Gained mutation: You have large cloven feet. [potion of mutation]
 16761 | Lair:1   | Gained mutation: Your flesh is heat resistant. (rF+) [potion of mutation]
 16761 | Lair:1   | Gained mutation: You can translocate small distances at will. [potion of mutation]
 16969 | Lair:6   | Entered Level 6 of the Lair of Beasts
 17068 | Lair:6   | Found a staircase to the Slime Pits.
 17130 | Lair:6   | Noticed Rupert
 17153 | Lair:6   | Killed Rupert
 17683 | Lair:6   | Received a gift from Trog
 18531 | Slime:1  | Entered Level 1 of the Pits of Slime
 18531 | Slime:1  | Noticed an acid blob
 18911 | Orc:1    | Found a roughly hewn altar of Beogh.
 19504 | Orc:2    | Entered Level 2 of the Orcish Mines
 19504 | Orc:2    | Found a staircase to the Elven Halls.
 19504 | Orc:2    | Found Peso's Weapon Shop.
 19538 | Orc:2    | Noticed Saint Roka
 19543 | Orc:2    | Found Ugugat's Jewellery Shop.
 19545 | Orc:2    | Found a labyrinth entrance.
 19606 | Lab      | Entered a labyrinth
 20133 | Orc:2    | Found Qestrih's Antique Weapon Shop.
 20148 | Orc:2    | Found a radiant altar of Vehumet.
 20155 | Orc:2    | Noticed Snorg
 20171 | Orc:2    | Killed Snorg
 20380 | Orc:2    | Found Peudghoe's Assorted Antiques.
 20571 | Orc:2    | Killed Saint Roka
 20754 | Orc:2    | Reached XP level 16. HP: 106/106 MP: 16/16
 20779 | Orc:2    | Noticed Donald
 20797 | Orc:2    | Killed Donald
 20953 | Orc:2    | Bought a scroll of identify for 64 gold pieces
 20953 | Orc:2    | Bought a scroll labeled GOM YJ YFFEIR for 32 gold pieces
 20953 | Orc:2    | Bought a scroll labeled GEDAGU TECOD for 32 gold pieces
 20953 | Orc:2    | Bought a scroll labeled OJIAKI YHUEB for 32 gold pieces
 21022 | Orc:2    | Found Qitonabe's Magic Scroll Shop.
 21022 | Orc:2    | Found Kegiunet's Jewellery Shoppe.
 21022 | Orc:2    | Found Iruaxtud's Gadget Emporium.
 21025 | Orc:2    | Found Afucouv's Food Boutique.
 21159 | Orc:2    | Found Risygyma's Antique Armour Shop.
 21167 | Orc:2    | Bought gold dragon scales for 1760 gold pieces
 21349 | Orc:2    | Bought a scroll of enchant armour for 112 gold pieces
 21349 | Orc:2    | Bought a scroll of blinking for 112 gold pieces
 22327 | D:14     | Paralysed by something for 5 turns
 23046 | D:14     | Received a gift from Trog
 23096 | D:14     | Noticed a storm dragon
 23117 | D:14     | Killed a storm dragon
 23132 | D:14     | Noticed a tengu reaver
 23143 | D:14     | Killed a tengu reaver
 23679 | Swamp:1  | Entered Level 1 of the Swamp
 24524 | Swamp:2  | Reached skill level 15 in Fighting
 24635 | Swamp:2  | Received a gift from Trog
 25108 | Swamp:2  | Noticed Aizul
 25129 | Swamp:2  | Killed Aizul
 25233 | Swamp:2  | Noticed Roxanne
 25257 | Swamp:2  | Killed Roxanne
 25317 | Swamp:3  | Reached XP level 17. HP: 113/113 MP: 17/17
 25947 | Swamp:4  | Entered Level 4 of the Swamp
 25962 | Swamp:4  | Received a gift from Trog
 25984 | Swamp:3  | Reached skill level 15 in Shields
 27079 | Swamp:4  | Noticed a bone dragon
 27108 | Swamp:4  | Killed a bone dragon
 27298 | Swamp:4  | Got a decaying rune of Zot
 27536 | Spider:1 | Entered Level 1 of the Spider Nest
 28203 | Spider:1 | Received a gift from Trog
 28819 | Spider:2 | Reached XP level 18. HP: 117/121 MP: 16/18
 29592 | Spider:3 | Got a steaming falchion
 29593 | Spider:3 | Identified the +8 falchion of Kegeddug {slice, rF+ rN+ Int+4} (You found it on level 3 of the Spider Nest)
 29601 | Spider:3 | Identified a scroll of acquirement
 29815 | Spider:4 | Entered Level 4 of the Spider Nest
 29925 | Spider:4 | Noticed Mara
 29945 | Spider:4 | Killed Mara
 29982 | Spider:4 | Noticed jerkstore's ghost (adept DEFE)
 29995 | Spider:4 | Killed jerkstore's ghost
 30101 | Spider:4 | Received a gift from Trog
 30359 | Spider:4 | Noticed Faca's ghost (adept MiFi)
 30391 | Spider:4 | Killed Faca's ghost
 30756 | Spider:4 | Got a gossamer rune of Zot
 31603 | D:15     | Entered Level 15 of the Dungeon
 31817 | D:15     | Found a staircase to the Depths.
 31975 | D:15     | Received a gift from Trog
 32050 | D:15     | Found Etipoonu's General Store.
 32459 | D:15     | Reached XP level 19. HP: 127/128 MP: 19/19
 32498 | D:15     | Found Nehe's Antique Armour Shop.
 32501 | D:15     | Bought a glowing shield for 232 gold pieces
 32699 | Depths:1 | Entered Level 1 of the Depths
 32951 | Depths:1 | Noticed a golden dragon
 32972 | Depths:1 | Killed a golden dragon
 33125 | Depths:1 | Found a one-way gate leading to the halls of Pandemonium.
 33519 | Depths:1 | Found a gateway to Hell.
 33907 | Depths:2 | Noticed Bai Suzhen
 33936 | Depths:2 | Killed Bai Suzhen
 33995 | Depths:2 | Received a gift from Trog
 34344 | Depths:2 | Paralysed by a floating eye for 2 turns
 34351 | Depths:2 | Paralysed by a floating eye for 4 turns
 34664 | Depths:2 | Found Xusakuce's Gadget Shoppe.
 34664 | Depths:2 | Found Inyrphag's Jewellery Shop.
 34665 | Depths:2 | Found Birirch's Jewellery Shop.
 34719 | Depths:2 | Found a portal to a secret trove of treasure.
 34976 | Depths:3 | Reached XP level 20. HP: 136/136 MP: 20/20
 35327 | Depths:3 | Found a runed door.
 35329 | Depths:3 | Noticed a golden dragon
 35330 | Depths:3 | Found a runed door.
 35528 | Depths:3 | Received a gift from Trog
 35623 | Depths:3 | Paralysed by a sphinx for 7 turns
 35664 | Depths:3 | Paralysed by a floating eye for 2 turns
 35669 | Depths:3 | Paralysed by a floating eye for 2 turns
 35677 | Depths:3 | Paralysed by a sphinx for 3 turns
 36472 | Depths:3 | Noticed a caustic shrike
 36688 | Depths:3 | Identified Kualysib's Collected Works on Flamy Ice
 36715 | Depths:3 | Reached skill level 15 in Armour
 36742 | Depths:3 | Got a scintillating copper ring
 36752 | Depths:3 | Identified the ring of Tasuson {rN+ Int+3} (You took it off a rakshasa on level 3 of the Depths)
 36764 | Depths:3 | Got a pitted copper ring
 36816 | Depths:3 | Found a blossoming altar of Fedhas.
 36879 | Depths:3 | Reached XP level 21. HP: 109/144 MP: 15/21
 37258 | Depths:3 | Identified the ring of Rigud {rPois rF+ rN+ Str-4 Stlth+} (You found it on level 3 of the Depths)
 37443 | Depths:3 | Found a runed door.
 37494 | Depths:3 | Killed a golden dragon
 37767 | Depths:3 | Paralysed by a vampire knight for 2 turns
 37807 | Depths:3 | Killed a caustic shrike
 37820 | Depths:3 | Found the +5 mace of Variability {chaos}
 37876 | Depths:3 | Paralysed by a great orb of eyes for 2 turns
 38860 | Depths:4 | Received a gift from Trog
 39241 | Temple   | Entered the Ecumenical Temple
 39323 | Temple   | Fell from the grace of Trog
 39323 | Temple   | Became a worshipper of the Shining One
 39965 | Depths:4 | Found a one-way gate to the infinite horrors of the Abyss.
 39970 | Depths:4 | Noticed a juggernaut
 39985 | Depths:4 | Reached * piety under the Shining One
 39992 | Depths:4 | Noticed a golden dragon
 40002 | Depths:4 | Killed a juggernaut
 40091 | Depths:4 | Reached XP level 22. HP: 68/152 MP: 10/22
 40360 | Depths:4 | Noticed ziggurnaut's ghost (veteran DEFE)
 40360 | Depths:4 | Reached ** piety under the Shining One
 40392 | Depths:4 | Killed ziggurnaut's ghost
 40553 | Depths:4 | Killed a golden dragon
 40571 | Depths:4 | Found a gateway to a ziggurat.
 41298 | Depths:5 | Entered Level 5 of the Depths
 41377 | Depths:5 | Found a gate to the Realm of Zot.
 41479 | Depths:5 | Paralysed by a vampire knight for 2 turns
 41599 | Depths:5 | Noticed a caustic shrike
 41602 | Depths:5 | Reached *** piety under the Shining One
 41615 | Depths:5 | Killed a caustic shrike
 41624 | Depths:5 | Paralysed by Trog for 2 turns
 41634 | Depths:5 | Noticed a caustic shrike
 41644 | Depths:5 | Killed a caustic shrike
 41653 | Depths:5 | Noticed a caustic shrike
 41669 | Depths:5 | Noticed a caustic shrike
 41673 | Depths:5 | Killed a caustic shrike
 41684 | Depths:5 | Killed a caustic shrike
 42024 | Depths:5 | Noticed a caustic shrike
 42035 | Depths:5 | Killed a caustic shrike
 42163 | Depths:5 | Reached **** piety under the Shining One
 42168 | Depths:5 | Noticed an ancient lich
 42761 | Depths:4 | Reached XP level 23. HP: 133/160 MP: 17/23
 42866 | Depths:4 | Reached ***** piety under the Shining One
 42947 | Depths:5 | Identified the Volume of the Lumpy Beds
 42953 | Depths:5 | Learned a level 3 spell: Regeneration
 43835 | Depths:4 | Killed an ancient lich
 44854 | Slime:3  | Paralysed by a great orb of eyes for 6 turns
 45129 | Slime:3  | Reached skill level 1 in Evocations
 45268 | Slime:4  | Reached ****** piety under the Shining One
 46098 | Slime:4  | Gained mutation: Armour fits poorly on your strangely shaped body. [a shining eye]
 46099 | Slime:4  | Gained mutation: You have a somewhat thin skeletal structure. (Dex +2, Stealth) [a shining eye]
 46110 | Slime:4  | Gained mutation: You expend magic power (3 MP) to strengthen your wands. [a shining eye]
 46135 | Slime:4  | Gained mutation: You are weak. (Str -2) [a shining eye]
 46414 | Slime:5  | Entered Level 5 of the Pits of Slime
 47029 | D:9      | Bought a potion of might for 48 gold pieces
 47029 | D:9      | Bought a potion of mutation for 96 gold pieces
 47029 | D:9      | Bought a potion of heal wounds for 60 gold pieces
 47029 | D:9      | Bought a potion of resistance for 120 gold pieces
 47077 | Elf:1    | Entered Level 1 of the Elven Halls
 47401 | Orc:2    | Paralysed by Trog for 2 turns
 48187 | Elf:1    | Reached XP level 24. HP: 168/168 MP: 23/23
 48242 | Elf:1    | Found Jouqat's Gadget Shop.
 48523 | Elf:1    | Was forgiven by Trog
 49604 | Temple   | Identified a +4 sacred scourge of holy wrath (a +2 demon whip of pain blessed by the Shining One)
 49604 | Temple   | Received a gift from the Shining One
 49839 | Vaults:1 | Entered Level 1 of the Vaults
 49968 | Vaults:1 | Found Calaluic's Weapon Shoppe.
 50746 | Vaults:1 | Got a vibrating jade ring
 51103 | Vaults:2 | Noticed Frederick
 51150 | Vaults:2 | Killed Frederick
 51522 | Vaults:2 | Noticed Nikola
 51540 | Vaults:2 | Killed Nikola
 51866 | Vaults:2 | Found Joedwuil's Armour Shop.
 52006 | Vaults:2 | Bought the +0 pair of fencer's gloves {+Riposte Dex+3} for 440 gold pieces
 52006 | Vaults:2 | Found the +0 pair of fencer's gloves {+Riposte Dex+3}
 52096 | Vaults:2 | Found Egyfej's Assorted Antiques.
 52647 | Vaults:3 | The Shining One protects you from harm!
 53018 | Vaults:3 | Reached XP level 25. HP: 172/175 MP: 23/23
 53607 | Vaults:3 | Found a staircase to the Crypt.
 53687 | Vaults:3 | Identified the ring of the Enemy {MP+9 Slay+4} (You found it on level 1 of the Vaults)
 55563 | Vaults:5 | Entered Level 5 of the Vaults
 55589 | Vaults:5 | Paralysed by a sphinx for 4 turns
 56115 | Vaults:5 | Cast into level 2 of the Abyss (a deep elf demonologist)
 56117 | Abyss:2  | Found a corrupted altar of Lugonu.
 56167 | Vaults:5 | Escaped the Abyss
 56284 | Vaults:5 | Reached XP level 26. HP: 184/184 MP: 23/23
 56381 | Vaults:5 | Found the +2 hat of the Bear Spirit {Spirit, +Rage rN+ MR++}
 56416 | Vaults:5 | Identified the Guide on Poisoning and Air
 56802 | Depths:2 | Bought an uncursed amulet of regeneration for 450 gold pieces
 57821 | Vaults:5 | Paralysed by a floating eye for 4 turns
 57880 | Vaults:5 | Got a silver rune of Zot
 58147 | Vaults:5 | Got a brightly glowing sapphire amulet
 58238 | Vaults:5 | Identified the amulet "Lomon" {+Rage rElec} (You took it off an ironbrand convoker on level 5 of the Vaults)
 58243 | Vaults:5 | Got a smoking wooden ring
 58244 | Vaults:5 | Identified the ring "Gyomad" {Fire +Blink rElec Str-3 Slay+5} (You took it off a yaktaur on level 5 of the Vaults)
 58267 | Vaults:5 | Identified the Incunabulum of the Oath and Companions
 59309 | Slime:5  | Paralysed by a floating eye for 3 turns
 59704 | Slime:5  | Gained mutation: You are occasionally teleported next to monsters. [a shining eye]
 59710 | Slime:4  | Lost mutation: You have large cloven feet. [potion of mutation]
 59710 | Slime:4  | Lost mutation: You are occasionally teleported next to monsters. [potion of mutation]
 59710 | Slime:4  | Gained mutation: Your natural rate of healing is unusually fast. [potion of mutation]
 59710 | Slime:4  | Gained mutation: You possess an exceptional clarity of mind. [potion of mutation]
 59826 | Slime:5  | Lost mutation: You possess an exceptional clarity of mind. [a shining eye]
 59864 | Slime:5  | Gained mutation: You tend to lose your temper in combat. [a shining eye]
 59898 | Slime:5  | Gained mutation: You are frail. (-10% HP) [a shining eye]
 59905 | Slime:5  | Lost mutation: You expend magic power (3 MP) to strengthen your wands. [a shining eye]
 59957 | Slime:5  | Noticed the Royal Jelly
 60027 | Slime:4  | Lost mutation: You are frail. (-10% HP) [potion of mutation]
 60027 | Slime:4  | Lost mutation: Armour fits poorly on your strangely shaped body. [potion of mutation]
 60027 | Slime:4  | Lost mutation: Your flesh is heat resistant. (rF+) [potion of mutation]
 60027 | Slime:4  | Lost mutation: You tend to lose your temper in combat. [potion of mutation]
 60027 | Slime:4  | Lost mutation: You are weak. (Str -2) [potion of mutation]
 60027 | Slime:4  | Gained mutation: You are resistant to hostile enchantments. (MR+) [potion of mutation]
 60062 | Slime:5  | Killed the Royal Jelly
 60287 | Slime:4  | Gained mutation: Your spells are a little easier to cast, but a little less powerful. [a shining eye]
 60541 | Slime:5  | Got a slimy rune of Zot
 60709 | Slime:5  | Gained mutation: You expend magic power (3 MP) to strengthen your wands. [a shining eye]
 61266 | Elf:2    | Found a runed gate.
 61268 | Elf:2    | Found a runed gate.
 61268 | Elf:2    | Found a runed gate.
 61617 | Elf:2    | Reached skill level 1 in Unarmed Combat
 61617 | Elf:2    | Reached skill level 1 in Spellcasting
 61617 | Elf:2    | Reached skill level 1 in Charms
 61617 | Elf:2    | Reached skill level 1 in Invocations
 61617 | Elf:2    | Reached XP level 27. HP: 192/192 MP: 24/24
 62009 | Elf:3    | Entered Level 3 of the Elven Halls
 62045 | Elf:3    | Found Nuico's Antique Weapon Boutique.
 62675 | Elf:3    | Got a warped emerald amulet
 62892 | Elf:3    | Got a slimy lead ring
 62923 | Elf:3    | Identified the amulet of Kipseg {RegenMP rPois rC- Str+5 Slay-5} (You took it off a deep elf knight on level 3 of the Elven Halls)
 62924 | Elf:3    | Identified the ring of Gluttony {Wiz rC+ Str+3} (You took it off a deep elf master archer on level 3 of the Elven Halls)
 62932 | Elf:3    | Identified the Catalogue of Supportive Attacks
 62947 | Elf:3    | Identified Vaugricvy's Almanac of Cold
 62957 | Elf:3    | Identified the Tome of Curses
 62987 | Elf:3    | Identified the Incunabulum of Hexes
 63806 | Crypt:1  | Entered Level 1 of the Crypt
 64377 | Crypt:1  | Found a basalt altar of Yredelemnul.
 65255 | Crypt:3  | Entered Level 3 of the Crypt
 65715 | Crypt:3  | Reached skill level 5 in Invocations
 65730 | Crypt:3  | Found an ancient bone altar of Kikubaaqudgha.
 65910 | Crypt:3  | Noticed an ancient lich
 65910 | Crypt:3  | Noticed an ancient lich
 65921 | Crypt:3  | Killed an ancient lich
 65926 | Crypt:3  | Killed an ancient lich
 65936 | Crypt:3  | Got a heavily runed lapis lazuli ring
 65938 | Crypt:3  | Identified the cursed ring "Liasyv" {rC+ rN++ AC-2 Int+2} (You found it on level 3 of the Crypt)
 65950 | Crypt:3  | Identified the Guide on Sinister Arts
 66052 | Crypt:3  | Got an encrusted helmet
 66053 | Crypt:3  | Identified the +2 helmet of Zasypn {rElec Stlth+} (You found it on level 3 of the Crypt)
 66637 | Zot:1    | Entered Level 1 of the Realm of Zot
 66997 | Zot:1    | Noticed an orb of fire
 67022 | Zot:1    | Gained mutation: Your body sometimes deteriorates upon taking damage. [an orb of fire]
 67028 | Zot:1    | Gained mutation: Your magical capacity is low. (-10% MP) [an orb of fire]
 67031 | Zot:1    | Gained mutation: Your magical capacity is very low. (-20% MP) [an orb of fire]
 67440 | Lair:1   | Got a brightly glowing brass amulet
 67441 | Lair:1   | Identified the amulet "Kidec" {Gourm rC+} (You acquired it on level 1 of the Lair of Beasts)
 67921 | Zot:1    | You are sucked into a shaft!
 67985 | Zot:1    | Gained mutation: Your magical capacity is extremely low. (-30% MP) [an orb of fire]
 67987 | Zot:1    | Gained mutation: You are frail. (-10% HP) [an orb of fire]
 67990 | Zot:1    | Killed an orb of fire
 68121 | Zot:1    | Lost mutation: Your body sometimes deteriorates upon taking damage. [potion of mutation]
 68121 | Zot:1    | Lost mutation: Your spells are a little easier to cast, but a little less powerful. [potion of mutation]
 68121 | Zot:1    | Lost mutation: Your magical capacity is extremely low. (-30% MP) [potion of mutation]
 68121 | Zot:1    | Lost mutation: Your natural rate of healing is unusually fast. [potion of mutation]
 68121 | Zot:1    | Gained mutation: You possess an exceptional clarity of mind. [potion of mutation]
 68121 | Zot:1    | Gained mutation: You are highly resistant to hostile enchantments. (MR++) [potion of mutation]
 68162 | Zot:1    | Got a dazzling fustibalus
 68163 | Zot:1    | Identified the +5 fustibalus of Doacvao {flame, rF+ rN+ MP-9 Str+4} (You found it on level 1 of the Realm of Zot)
 69025 | Zot:2    | Found a burning altar of Makhleb.
 69830 | Zot:3    | Reached skill level 10 in Invocations
 70505 | Zot:4    | Found a transporter.
 71493 | Zot:4    | Upgraded the game from 0.21-b1-23-g1fb0a74 to 0.21.0
 71511 | Zot:5    | Entered Level 5 of the Realm of Zot
 71833 | Zot:5    | Noticed an orb of fire
 71836 | Zot:5    | Noticed an ancient lich
 71837 | Zot:5    | Lost mutation: You possess an exceptional clarity of mind. [an orb of fire]
 71841 | Zot:5    | Gained mutation: You are occasionally teleported next to monsters. [an orb of fire]
 71847 | Zot:5    | Gained mutation: You are weak. (Str -2) [an orb of fire]
 71852 | Zot:5    | Gained mutation: Your body sometimes deteriorates upon taking damage. [an orb of fire]
 71968 | Zot:4    | Gained mutation: Your body often deteriorates upon taking damage. [an orb of fire]
 71979 | Zot:4    | Gained mutation: You tend to lose your temper in combat. [an orb of fire]
 71980 | Zot:4    | Gained mutation: You often lose your temper in combat. [an orb of fire]
 71982 | Zot:4    | Killed an orb of fire
 72014 | Zot:4    | Found a transporter.
 72014 | Zot:4    | Found a transporter.
 72031 | Zot:4    | Lost mutation: You are frail. (-10% HP) [potion of mutation]
 72031 | Zot:4    | Lost mutation: You are highly resistant to hostile enchantments. (MR++) [potion of mutation]
 72031 | Zot:4    | Lost mutation: You are weak. (Str -2) [potion of mutation]
 72031 | Zot:4    | Lost mutation: Your body often deteriorates upon taking damage. [potion of mutation]
 72031 | Zot:4    | Lost mutation: Your magical capacity is very low. (-20% MP) [potion of mutation]
 72031 | Zot:4    | Gained mutation: You have large cloven feet. [potion of mutation]
 72032 | Zot:4    | Lost mutation: You have large cloven feet. [potion of mutation]
 72032 | Zot:4    | Lost mutation: You have a somewhat thin skeletal structure. (Dex +2, Stealth) [potion of mutation]
 72032 | Zot:4    | Lost mutation: Your magical capacity is low. (-10% MP) [potion of mutation]
 72032 | Zot:4    | Gained mutation: You occasionally shout uncontrollably at your foes. [potion of mutation]
 72032 | Zot:4    | Lost mutation: You expend magic power (3 MP) to strengthen your wands. [potion of mutation]
 72032 | Zot:4    | Gained mutation: You are partially covered in molten scales. (AC +2) [potion of mutation]
 72033 | Zot:4    | Lost mutation: Your body sometimes deteriorates upon taking damage. [potion of mutation]
 72033 | Zot:4    | Lost mutation: You are resistant to hostile enchantments. (MR+) [potion of mutation]
 72033 | Zot:4    | Lost mutation: You occasionally shout uncontrollably at your foes. [potion of mutation]
 72033 | Zot:4    | Lost mutation: You can translocate small distances at will. [potion of mutation]
 72033 | Zot:4    | Gained mutation: You are sometimes teleported next to monsters. [potion of mutation]
 72033 | Zot:4    | Gained mutation: You are agile. (Dex +2) [potion of mutation]
 72034 | Zot:4    | Lost mutation: You are agile. (Dex +2) [potion of mutation]
 72034 | Zot:4    | Gained mutation: You are robust. (+10% HP) [potion of mutation]
 72034 | Zot:4    | Gained mutation: You are partially covered in iridescent scales. (AC +2) [potion of mutation]
 72273 | Zot:5    | Killed an ancient lich
 72281 | Zot:5    | Noticed an ancient lich
 72304 | Zot:5    | Killed an ancient lich
 72608 | Zot:5    | Noticed an ancient lich
 72614 | Zot:5    | Killed an ancient lich
 72795 | Zot:5    | Noticed an orb of fire
 72805 | Zot:5    | Lost mutation: You often lose your temper in combat. [an orb of fire]
 72807 | Zot:5    | Lost mutation: You are sometimes teleported next to monsters. [an orb of fire]
 72808 | Zot:5    | Gained mutation: You are very robust. (+20% HP) [an orb of fire]
 72810 | Zot:5    | Killed an orb of fire
 72810 | Zot:5    | Reached skill level 27 in Fighting
 72940 | Zot:5    | Reached skill level 27 in Shields
 73084 | Zot:5    | Noticed an ancient lich
 73095 | Zot:5    | Killed an ancient lich
 73122 | Zot:5    | Noticed an orb of fire
 73122 | Zot:5    | Lost mutation: You tend to lose your temper in combat. [an orb of fire]
 73131 | Zot:5    | Gained mutation: You are clumsy. (Dex -2) [an orb of fire]
 73135 | Zot:5    | Lost mutation: You are very robust. (+20% HP) [an orb of fire]
 73137 | Zot:5    | Gained mutation: You can translocate small distances at will. [an orb of fire]
 73140 | Zot:5    | Killed an orb of fire
 74142 | Zot:4    | Found a transporter.
 74217 | Zot:4    | Found a transporter.
 74224 | Zot:4    | Found a transporter.
 74236 | Zot:4    | Got a faintly glowing bone ring
 74290 | Zot:4    | Identified the ring of the Scarab {*Corrode +Fly rElec Dex+3 Slay+3} (You found it on level 4 of the Realm of Zot)
 77664 | Crypt:3  | Found a staircase to the Tomb.
 78244 | Crypt:3  | Reached skill level 27 in Maces & Flails
 78372 | Tomb:1   | Entered Level 1 of the Tomb of the Ancients
 79230 | Depths:4 | Voluntarily entered the Abyss.
 79885 | Abyss:1  | Reached skill level 15 in Invocations
 80215 | Abyss:1  | Found a corrupted altar of Lugonu.
 80327 | Abyss:1  | Gained mutation: Scrolls take you a little longer to read. [a neqoxec]
 80389 | Abyss:1  | Found a corrupted altar of Lugonu.
 80758 | Abyss:1  | Paralysed by accursed screaming for 1 turns
 80903 | Abyss:1  | Found a sacrificial altar of Ru.
 81333 | Abyss:1  | Noticed an ancient lich
 81350 | Abyss:1  | Killed an ancient lich
 81421 | Abyss:2  | Found an iron altar of Okawaru.
 81627 | Abyss:2  | Found an ornate altar of the Wu Jian Council.
 82675 | Abyss:2  | Found a deep blue altar of Sif Muna.
 82697 | Abyss:2  | Found a corrupted altar of Lugonu.
 82931 | Abyss:2  | Found a corrupted altar of Lugonu.
 83501 | Abyss:2  | Gained mutation: Your magical capacity is low. (-10% MP) [a neqoxec]
 83582 | Depths:4 | Escaped the Abyss
 83589 | Depths:4 | Voluntarily entered the Abyss.
 83724 | Abyss:1  | Noticed an ancient lich
 83731 | Abyss:1  | Killed an ancient lich
 83772 | Depths:4 | Escaped the Abyss
 83774 | Depths:4 | Voluntarily entered the Abyss.
 84757 | Abyss:2  | Found a sacrificial altar of Ru.
 85108 | Abyss:2  | Gained mutation: Armour fits poorly on your strangely shaped body. [a neqoxec]
 85360 | Depths:4 | Escaped the Abyss
 86011 | D:9      | Bought a potion of resistance for 120 gold pieces
 86011 | D:9      | Bought a potion of mutation for 96 gold pieces
 86011 | D:9      | Bought a potion of mutation for 96 gold pieces
 86011 | D:9      | Bought a potion of haste for 120 gold pieces
 86041 | D:8      | Bought a potion of might for 64 gold pieces
 86041 | D:8      | Bought a potion of mutation for 128 gold pieces
 86041 | D:8      | Bought a potion of heal wounds for 80 gold pieces
 86041 | D:8      | Bought a potion of cancellation for 128 gold pieces
 86041 | D:8      | Bought a potion of heal wounds for 80 gold pieces
 86041 | D:8      | Bought a potion of heal wounds for 80 gold pieces
 86046 | D:8      | Lost mutation: You can translocate small distances at will. [potion of mutation]
 86046 | D:8      | Lost mutation: You are partially covered in molten scales. (AC +2) [potion of mutation]
 86046 | D:8      | Lost mutation: You are occasionally teleported next to monsters. [potion of mutation]
 86046 | D:8      | Lost mutation: Your magical capacity is low. (-10% MP) [potion of mutation]
 86046 | D:8      | Lost mutation: You are robust. (+10% HP) [potion of mutation]
 86046 | D:8      | Gained mutation: You are somewhat resistant to further mutation. [potion of mutation]
 86584 | Hell     | Entered the Vestibule of Hell
 86584 | Hell     | Noticed Geryon
 86699 | Hell     | Killed Geryon
 86868 | Hell     | Found a gateway to the Iron City of Dis.
 86880 | Hell     | Found a gateway to the freezing wastes of Cocytus.
 87102 | Hell     | Found a gateway to the decaying netherworld of Tartarus.
 87169 | Hell     | Found a gateway to the ashen valley of Gehenna.
 87702 | Depths:2 | You paid a toll of a +4 demon trident to enter a treasure trove
 87703 | Trove    | Entered a treasure trove
 87742 | Trove    | Got a serpentine iron ring
 87747 | Trove    | Identified the ring "Mileyniy" {-Tele rC- rN++ Dex+8 Slay+4 SInv} (You found it in a treasure trove)
 87823 | Dis:1    | Entered Level 1 of the Iron City of Dis
 88628 | Dis:2    | Reached skill level 27 in Armour
 88629 | Dis:2    | Reached skill level 5 in Spellcasting
 88639 | Dis:2    | Reached skill level 1 in Throwing
 88763 | Dis:2    | Reached skill level 1 in Necromancy
 89885 | Dis:3    | Reached skill level 10 in Spellcasting
 92287 | Dis:6    | Lost mutation: Armour fits poorly on your strangely shaped body. [potion of mutation]
 92287 | Dis:6    | Lost mutation: You are clumsy. (Dex -2) [potion of mutation]
 92287 | Dis:6    | Gained mutation: You have sharp fingernails. [potion of mutation]
 92648 | Dis:6    | Lost mutation: You are partially covered in iridescent scales. (AC +2) [potion of mutation]
 92648 | Dis:6    | Lost mutation: Scrolls take you a little longer to read. [potion of mutation]
 92648 | Dis:6    | Lost mutation: You have sharp fingernails. [potion of mutation]
 92648 | Dis:6    | Lost mutation: You are somewhat resistant to further mutation. [potion of mutation]
 92648 | Dis:6    | Gained mutation: You are clumsy. (Dex -2) [potion of mutation]
 92648 | Dis:6    | Gained mutation: You have a pair of small horns on your head. [potion of mutation]
 92648 | Dis:6    | Gained mutation: You occasionally shout uncontrollably at your foes. [potion of mutation]
 92648 | Dis:6    | Gained mutation: Your skin changes colour to match your surroundings (Stealth+). [potion of mutation]
 92714 | Dis:7    | Entered Level 7 of the Iron City of Dis
 93009 | Dis:7    | Reached skill level 15 in Spellcasting
 94288 | Dis:7    | Got a sparkling jade ring
 94292 | Dis:7    | Got a translucent ivory amulet
 94295 | Dis:7    | Identified the Incunabulum of Snow
 94324 | Dis:7    | Identified the ring "Fixacsad" {*Tele rC+} (You found it on level 7 of the Iron City of Dis)
 94325 | Dis:7    | Identified the amulet "Dabuxom" {Spirit MP+9 Dex+6} (You found it on level 7 of the Iron City of Dis)
 94528 | Dis:7    | Got a faintly glowing lapis lazuli ring
 94529 | Dis:7    | Identified the ring "Taseos" {*Corrode rPois Str+4 SInv Stlth+} (You found it on level 7 of the Iron City of Dis)
 94711 | Dis:7    | Noticed Dispater
 94734 | Dis:7    | Killed Dispater
 94839 | Dis:7    | Got an iron rune of Zot
 95486 | Tar:1    | Entered Level 1 of Tartarus
 97064 | Tar:7    | Entered Level 7 of Tartarus
 97297 | Tar:7    | Found the cursed +13 scythe of Curses {drain, *Curse}
 97399 | Tar:7    | Learned a level 1 spell: Apportation
 97418 | Tar:7    | Learned a level 2 spell: Swiftness
 97597 | Tar:7    | Got an encrusted flail
 97598 | Tar:7    | Identified the cursed +3 flail "Kodoz" {flame, rElec MR+ Str+5} (You found it on level 7 of Tartarus)
 97675 | Tar:7    | Learned a level 5 spell: Silence
 97748 | Tar:7    | Noticed Ereshkigal
 97767 | Tar:7    | Killed Ereshkigal
 97828 | Tar:7    | Got a bone rune of Zot
 98687 | Geh:1    | Entered Level 1 of Gehenna
 99148 | Geh:3    | Cast into level 2 of the Abyss (hell knight)
 99148 | Abyss:2  | Found a corrupted altar of Lugonu.
 99246 | Geh:3    | Escaped the Abyss
 99365 | Geh:4    | Noticed Kingkept's ghost (legendary HOFi)
 99406 | Geh:4    | Killed Kingkept's ghost
 99849 | Geh:7    | Entered Level 7 of Gehenna
100001 | Geh:7    | Noticed the Serpent of Hell
100013 | Geh:7    | Killed the Serpent of Hell
100404 | Geh:7    | Noticed Asmodeus
100429 | Geh:7    | Killed Asmodeus
100429 | Geh:7    | Reached skill level 1 in Hexes
100431 | Geh:7    | Got a brightly glowing sapphire amulet
100445 | Geh:7    | Got an obsidian rune of Zot
100455 | Geh:7    | Got a coiled turquoise ring
100456 | Geh:7    | Identified the amulet of Eliont {+Rage MR+} (You took it off Asmodeus on level 7 of Gehenna)
100457 | Geh:7    | Identified the ring of Hospitality {MR+ Str-4 Int+9 SInv} (You found it on level 7 of Gehenna)
100500 | Geh:7    | Got a bound pewter amulet
100624 | Geh:7    | Identified the amulet "Oneiju" {rC+ rN+ MR- Regen+ Int+5} (You took it off a balrug on level 7 of Gehenna)
101283 | Coc:1    | Entered Level 1 of Cocytus
101910 | Coc:6    | Reached skill level 5 in Evocations
101944 | Coc:6    | Reached skill level 5 in Charms
102014 | Coc:7    | Entered Level 7 of Cocytus
102138 | Coc:7    | Reached skill level 5 in Hexes
102576 | Coc:7    | Identified Sif Muna's Disquisition on Boosting Stones
102580 | Coc:7    | Learned a level 1 spell: Infusion
102742 | Coc:7    | Noticed Antaeus
102765 | Coc:7    | Killed Antaeus
102776 | Coc:7    | Got a coiled ruby amulet
102806 | Coc:7    | Got a slimy plate armour
102807 | Coc:7    | Identified the +10 plate armour of Prudence {+Blink} (You found it on level 7 of Cocytus)
102809 | Coc:7    | Identified the amulet "Fecweeh" {Reflect Fragile rPois Slay+5 SH+4 Stlth-} (You took it off Antaeus on level 7 of Cocytus)
102819 | Coc:7    | Got an icy rune of Zot
103083 | Coc:7    | Reached skill level 27 in Invocations
103570 | Zot:5    | Reached skill level 1 in Translocations
103586 | Zot:5    | Noticed Diraq the pandemonium lord
103590 | Zot:5    | Killed Diraq the pandemonium lord
103678 | Zot:5    | Noticed a seraph
103703 | Zot:5    | Killed a seraph
104072 | Depths:1 | Noticed Gick the pandemonium lord
104087 | Depths:1 | Killed Gick the pandemonium lord
104087 | Depths:1 | Reached skill level 10 in Evocations
104096 | Depths:1 | Reached skill level 5 in Translocations
104358 | Zot:1    | Noticed Ytuss the pandemonium lord
104366 | Zot:1    | Killed Ytuss the pandemonium lord
104473 | Zot:5    | Noticed Leteahoa the pandemonium lord
104473 | Zot:5    | Noticed an ancient lich
104478 | Zot:5    | Killed an ancient lich
104483 | Zot:5    | Killed Leteahoa the pandemonium lord
104638 | Zot:5    | Got the Orb of Zot
104751 | Zot:5    | Noticed Gumiagh the pandemonium lord
105010 | Depths:1 | Noticed Irugom the pandemonium lord
105032 | Depths:1 | Killed Irugom the pandemonium lord
105191 | D:12     | Noticed Himek the pandemonium lord
105203 | D:12     | Killed Himek the pandemonium lord
105369 | D:5      | Noticed Huqalirr the pandemonium lord
105381 | D:5      | Killed Huqalirr the pandemonium lord
105527 | D:1      | Noticed Moep the pandemonium lord
105540 | D:1      | Killed Moep the pandemonium lord
105968 | D:12     | Gained mutation: You are dopey. (Int -2) [a cacodemon]
105996 | D:14     | Reached skill level 10 in Dodging
106091 | D:14     | Noticed Quloutaqa the pandemonium lord
106101 | D:14     | Killed Quloutaqa the pandemonium lord
106189 | Vaults:2 | Noticed Didown the pandemonium lord
106207 | Vaults:2 | Paralysed by a floating eye for 2 turns
106216 | Vaults:2 | Killed Didown the pandemonium lord
106530 | Tomb:1   | Noticed Okeatwoz the pandemonium lord
106534 | Tomb:1   | Reached skill level 10 in Translocations
106563 | Tomb:1   | Killed Okeatwoz the pandemonium lord
106640 | Tomb:1   | Noticed Jorgrun
106642 | Tomb:1   | Noticed a greater mummy
106651 | Tomb:1   | Killed Jorgrun
106658 | Tomb:1   | Killed a greater mummy
106661 | Tomb:1   | Noticed a greater mummy
106668 | Tomb:1   | Killed a greater mummy
106668 | Tomb:1   | Reached skill level 10 in Charms
106686 | Tomb:1   | Noticed a greater mummy
106690 | Tomb:1   | Noticed a greater mummy
106691 | Tomb:1   | Noticed a greater mummy
106697 | Tomb:1   | Killed a greater mummy
106698 | Tomb:1   | Noticed a greater mummy
106703 | Tomb:1   | Killed a greater mummy
106722 | Tomb:1   | Killed a greater mummy
106722 | Tomb:1   | Reached skill level 10 in Hexes
106726 | Tomb:1   | Noticed Zugibrul the pandemonium lord
106728 | Tomb:1   | Noticed a greater mummy
106736 | Tomb:1   | Killed a greater mummy
106749 | Tomb:1   | Killed Zugibrul the pandemonium lord
106757 | Tomb:1   | Killed a greater mummy
106890 | Tomb:1   | Noticed a greater mummy
106891 | Tomb:1   | Noticed a greater mummy
106891 | Tomb:1   | Noticed a greater mummy
106891 | Tomb:1   | Noticed a greater mummy
106894 | Tomb:1   | Noticed a greater mummy
106900 | Tomb:1   | Killed a greater mummy
106908 | Tomb:1   | Killed a greater mummy
106919 | Tomb:1   | Killed a greater mummy
106924 | Tomb:1   | Killed a greater mummy
106946 | Tomb:1   | Killed a greater mummy
107124 | Tomb:2   | Noticed a greater mummy
107126 | Tomb:2   | Noticed a greater mummy
107132 | Tomb:2   | Killed a greater mummy
107140 | Tomb:2   | Killed a greater mummy
107143 | Tomb:2   | Noticed a greater mummy
107145 | Tomb:2   | Noticed an ancient lich
107149 | Tomb:2   | Killed an ancient lich
107149 | Tomb:2   | Killed a greater mummy
107234 | Tomb:2   | Noticed Eceot the pandemonium lord
107246 | Tomb:2   | Killed Eceot the pandemonium lord
107319 | Tomb:1   | Noticed a greater mummy
107326 | Tomb:1   | Killed a greater mummy
107443 | Tomb:2   | Noticed Bevuapig the pandemonium lord
107455 | Tomb:2   | Killed Bevuapig the pandemonium lord
107481 | Tomb:1   | Noticed a greater mummy
107481 | Tomb:1   | Noticed a greater mummy
107481 | Tomb:1   | Noticed a greater mummy
107481 | Tomb:1   | Noticed a greater mummy
107481 | Tomb:1   | Noticed a greater mummy
107483 | Tomb:1   | Noticed a greater mummy
107483 | Tomb:1   | Noticed a greater mummy
107488 | Tomb:1   | Killed a greater mummy
107488 | Tomb:1   | Killed a greater mummy
107489 | Tomb:1   | Killed a greater mummy
107490 | Tomb:1   | Noticed a greater mummy
107492 | Tomb:1   | Noticed a greater mummy
107496 | Tomb:1   | Killed a greater mummy
107520 | Tomb:1   | Killed a greater mummy
107526 | Tomb:1   | Killed a greater mummy
107529 | Tomb:1   | Killed a greater mummy
107533 | Tomb:1   | Noticed a greater mummy
107539 | Tomb:1   | Killed a greater mummy
107543 | Tomb:1   | Killed a greater mummy
107547 | Tomb:1   | Killed a greater mummy
107598 | Tomb:2   | Noticed Regesuen the pandemonium lord
107621 | Tomb:2   | Killed Regesuen the pandemonium lord
107621 | Tomb:2   | Reached skill level 1 in Air Magic
107863 | Tomb:3   | Entered Level 3 of the Tomb of the Ancients
107882 | Tomb:3   | Noticed a greater mummy
107891 | Tomb:3   | Killed a greater mummy
107897 | Tomb:3   | Noticed an ancient lich
107917 | Tomb:3   | Noticed a greater mummy
107919 | Tomb:3   | Killed an ancient lich
107925 | Tomb:3   | Noticed a greater mummy
107934 | Tomb:3   | Killed a greater mummy
107938 | Tomb:3   | Killed a greater mummy
107944 | Tomb:3   | Noticed Sojobo
107947 | Tomb:3   | Noticed a greater mummy
107949 | Tomb:3   | Killed Sojobo
107957 | Tomb:3   | Killed a greater mummy
107989 | Tomb:3   | Noticed Xomionueps the pandemonium lord
108006 | Tomb:3   | Killed Xomionueps the pandemonium lord
108006 | Tomb:3   | Reached skill level 15 in Evocations
108037 | Tomb:3   | Found the +2 shield of Resistance {rF+ rC+ MR+}
108229 | Tomb:3   | Noticed a greater mummy
108245 | Tomb:3   | Killed a greater mummy
108272 | Tomb:3   | Learned a level 2 spell: Shroud of Golubria
108279 | Tomb:3   | Learned a level 2 spell: Song of Slaying
108320 | Tomb:3   | Noticed Hoaschew the pandemonium lord
108329 | Tomb:3   | Killed Hoaschew the pandemonium lord
108333 | Tomb:3   | Noticed a greater mummy
108350 | Tomb:3   | Killed a greater mummy
108353 | Tomb:3   | Noticed a greater mummy
108355 | Tomb:3   | Noticed an ancient lich
108359 | Tomb:3   | Killed an ancient lich
108365 | Tomb:3   | Killed a greater mummy
108434 | Tomb:3   | Noticed Dasuk the pandemonium lord
108440 | Tomb:3   | Killed Dasuk the pandemonium lord
108441 | Tomb:3   | Gained mutation: You are weak. (Str -2) [a neqoxec]
108446 | Tomb:3   | Lost mutation: You are clumsy. (Dex -2) [potion of mutation]
108446 | Tomb:3   | Lost mutation: You have a pair of small horns on your head. [potion of mutation]
108446 | Tomb:3   | Lost mutation: You are dopey. (Int -2) [potion of mutation]
108446 | Tomb:3   | Lost mutation: You are weak. (Str -2) [potion of mutation]
108446 | Tomb:3   | Gained mutation: You have a pair of small antennae on your head. [potion of mutation]
108474 | Tomb:3   | Identified Pipiaw's Papyrus of Cold
108476 | Tomb:3   | Noticed a seraph
108498 | Tomb:3   | Killed a seraph
108686 | Tomb:3   | Noticed Metreruv the pandemonium lord
108696 | Tomb:3   | Killed Metreruv the pandemonium lord
108696 | Tomb:3   | Reached skill level 15 in Translocations
108787 | Tomb:3   | Noticed Iriqextu the pandemonium lord
108798 | Tomb:3   | Killed Iriqextu the pandemonium lord
108955 | Tomb:3   | Noticed Xuheukh the pandemonium lord
108974 | Tomb:3   | Killed Xuheukh the pandemonium lord
108986 | Tomb:3   | Noticed Qery the pandemonium lord
108992 | Tomb:3   | Killed Qery the pandemonium lord
109024 | Tomb:3   | Got a flickering steel ring
109025 | Tomb:3   | Identified the ring "Jizu Zax" {*Corrode +Blink rC- Str+9 Dex+3} (You found it on level 3 of the Tomb of the Ancients)
109115 | Tomb:3   | Noticed Vofuc the pandemonium lord
109123 | Tomb:3   | Killed Vofuc the pandemonium lord
109290 | Tomb:3   | Noticed Veyhux the pandemonium lord
109303 | Tomb:3   | Killed Veyhux the pandemonium lord
109324 | Tomb:3   | Got a golden rune of Zot
109532 | Tomb:1   | Gained mutation: Armour fits poorly on your strangely shaped body. [a neqoxec]
109660 | Tomb:1   | Gained mutation: You are dopey. (Int -2) [a cacodemon]
109984 | Vaults:3 | Reached skill level 15 in Hexes
109997 | Vaults:3 | Noticed Baungyli the pandemonium lord
110008 | Vaults:3 | Killed Baungyli the pandemonium lord
110008 | Vaults:3 | Reached skill level 15 in Charms
110198 | Depths:1 | Noticed Ewirorph the pandemonium lord
110223 | Depths:1 | Killed Ewirorph the pandemonium lord
110269 | Depths:1 | Noticed Paonemik the pandemonium lord
110281 | Depths:1 | Killed Paonemik the pandemonium lord
110405 | Pan      | Entered Pandemonium
110469 | Pan      | Noticed Anaupnosme the pandemonium lord
110484 | Pan      | Killed Anaupnosme the pandemonium lord
110492 | Pan      | Reached skill level 15 in Dodging
110518 | Pan      | Got a demonic rune of Zot
110648 | Pan      | Noticed Ceew the pandemonium lord
110676 | Pan      | Noticed Masom the pandemonium lord
110701 | Pan      | Killed Masom the pandemonium lord
110817 | Pan      | Gained mutation: Scrolls take you a little longer to read. [a cacodemon]
110878 | Pan      | Noticed Jemuor the pandemonium lord
110890 | Pan      | Killed Jemuor the pandemonium lord
111063 | Pan      | Noticed Xeac the pandemonium lord
111079 | Pan      | Killed Xeac the pandemonium lord
111239 | Pan      | Noticed Goeq the pandemonium lord
111269 | Pan      | Killed Goeq the pandemonium lord
111280 | Pan      | Noticed Etoli the pandemonium lord
111298 | Pan      | Killed Etoli the pandemonium lord
111495 | Pan      | Got a faintly humming plate armour
111500 | Pan      | Identified the cursed +0 plate armour of the Dropbear {MR- MP+9 Dex+8} (You found it in Pandemonium)
111553 | Pan      | Found a runed door.
111561 | Pan      | Found a runed door.
111562 | Pan      | Found a runed door.
111564 | Pan      | Noticed Giur the pandemonium lord
111572 | Pan      | Killed Giur the pandemonium lord
111588 | Pan      | Found a runed door.
111621 | Pan      | Entered the realm of Cerebov.
111624 | Pan      | Noticed Hajib the pandemonium lord
111637 | Pan      | Killed Hajib the pandemonium lord
112029 | Pan      | Noticed Cerebov
112057 | Pan      | Noticed Siyrghe the pandemonium lord
112064 | Pan      | Killed Cerebov
112079 | Pan      | Killed Siyrghe the pandemonium lord
112110 | Pan      | Identified the Compendium of Boosting Snow
112116 | Pan      | Learned a level 3 spell: Ozocubu's Armour
112123 | Pan      | Learned a level 6 spell: Deflect Missiles
112124 | Pan      | Identified the Collected Works on Evil and Damage Dealing
112185 | Pan      | Noticed Ynachura the pandemonium lord
112186 | Pan      | Noticed Offur the pandemonium lord
112193 | Pan      | Killed Offur the pandemonium lord
112207 | Pan      | Killed Ynachura the pandemonium lord
112286 | Pan      | Got a coiled diamond amulet
112342 | Pan      | Identified the amulet "Requjon" {Harm *Drain rElec rF+ Int+2 Dex+3} (You found it in Pandemonium)
112393 | Pan      | Noticed Qoarutox the pandemonium lord
112398 | Pan      | Noticed Waezxael the pandemonium lord
112412 | Pan      | Killed Qoarutox the pandemonium lord
112423 | Pan      | Killed Waezxael the pandemonium lord
112571 | Pan      | Identified Zehesiaj's Compendium of Dark Rites and Ice
112582 | Pan      | Got a crude brass ring
112584 | Pan      | Identified the ring of Diehuduf {rPois rC+ AC+2 Int+2 Dex-2} (You found it in Pandemonium)
112637 | Pan      | Noticed Oheom the pandemonium lord
112638 | Pan      | Noticed Cuuriat the pandemonium lord
112648 | Pan      | Killed Oheom the pandemonium lord
112667 | Pan      | Killed Cuuriat the pandemonium lord
112697 | Pan      | Gained mutation: You do not regenerate when monsters are visible. [a neqoxec]
112700 | Pan      | Lost mutation: Armour fits poorly on your strangely shaped body. [potion of mutation]
112700 | Pan      | Lost mutation: Your skin changes colour to match your surroundings (Stealth+). [potion of mutation]
112700 | Pan      | Lost mutation: You are dopey. (Int -2) [potion of mutation]
112700 | Pan      | Lost mutation: You occasionally shout uncontrollably at your foes. [potion of mutation]
112700 | Pan      | Gained mutation: You have large cloven feet. [potion of mutation]
112700 | Pan      | Gained mutation: You evolve. [potion of mutation]
112708 | Pan      | Noticed Nasosuh the pandemonium lord
112710 | Pan      | Noticed an ancient lich
112716 | Pan      | Killed Nasosuh the pandemonium lord
112724 | Pan      | Killed an ancient lich
112727 | Pan      | Noticed Musiwaul the pandemonium lord
112730 | Pan      | Noticed Ignacio
112737 | Pan      | Noticed Qoena the pandemonium lord
112752 | Pan      | Paralysed by a floating eye for 4 turns
112757 | Pan      | Killed Qoena the pandemonium lord
112757 | Pan      | Killed Ignacio
112759 | Pan      | Paralysed by a floating eye for 4 turns
112760 | Pan      | Gained mutation: Your movements are slightly less encumbered by armour. (ER -2) [evolution]
112769 | Pan      | Killed Musiwaul the pandemonium lord
112801 | Pan      | Noticed Naosasese the pandemonium lord
112826 | Pan      | Killed Naosasese the pandemonium lord
113008 | Pan      | Noticed Kezeoset the pandemonium lord
113016 | Pan      | Killed Kezeoset the pandemonium lord
113019 | Pan      | Noticed Kutedats the pandemonium lord
113048 | Pan      | Killed Kutedats the pandemonium lord
113103 | Pan      | Noticed Dosaoxes the pandemonium lord
113118 | Pan      | Noticed an ancient lich
113129 | Pan      | Killed Dosaoxes the pandemonium lord
113140 | Pan      | Killed an ancient lich
113172 | Pan      | Noticed Dius the pandemonium lord
113193 | Pan      | Killed Dius the pandemonium lord
113232 | Pan      | Noticed Gatyoveb the pandemonium lord
113234 | Pan      | Noticed Asofij the pandemonium lord
113245 | Pan      | Killed Gatyoveb the pandemonium lord
113268 | Pan      | Killed Asofij the pandemonium lord
113290 | Pan      | Noticed Suages the pandemonium lord
113318 | Pan      | Killed Suages the pandemonium lord
113388 | Pan      | Got a fiery rune of Zot
113671 | Pan      | Gained mutation: You are clumsy. (Dex -2) [a neqoxec]
113776 | Pan      | Noticed a seraph
113791 | Pan      | Killed a seraph
113873 | Pan      | Noticed Liata the pandemonium lord
113886 | Pan      | Killed Liata the pandemonium lord
113954 | Pan      | Entered the realm of Lom Lobon.
114020 | Pan      | Noticed Mogesusu the pandemonium lord
114028 | Pan      | Killed Mogesusu the pandemonium lord
114171 | Pan      | Noticed an ancient lich
114172 | Pan      | Noticed Susoiv the pandemonium lord
114183 | Pan      | Killed an ancient lich
114191 | Pan      | Killed Susoiv the pandemonium lord
114402 | Pan      | Noticed Lom Lobon
114438 | Pan      | Killed Lom Lobon
114475 | Pan      | Got a magical rune of Zot
114592 | Pan      | Gained mutation: Your magical capacity is low. (-10% MP) [a neqoxec]
114805 | Pan      | Gained mutation: Armour fits poorly on your strangely shaped body. [a cacodemon]
114822 | Pan      | Noticed Wiczomie the pandemonium lord
114837 | Pan      | Killed Wiczomie the pandemonium lord
114853 | Pan      | Entered the realm of Gloorx Vloq.
114888 | Pan      | Noticed Gloorx Vloq
114907 | Pan      | Killed Gloorx Vloq
114938 | Pan      | Got a dark rune of Zot
114986 | Pan      | Lost mutation: Scrolls take you a little longer to read. [evolution]
115041 | Pan      | Entered the realm of Mnoleg.
115060 | Pan      | Lost mutation: Armour fits poorly on your strangely shaped body. [potion of mutation]
115060 | Pan      | Lost mutation: Your magical capacity is low. (-10% MP) [potion of mutation]
115060 | Pan      | Gained mutation: Your flesh is heat resistant. (rF+) [potion of mutation]
115060 | Pan      | Gained mutation: You possess an exceptional clarity of mind. [potion of mutation]
115060 | Pan      | Lost mutation: You are clumsy. (Dex -2) [potion of mutation]
115180 | Pan      | Gained mutation: You are frail. (-10% HP) [a cacodemon]
115181 | Pan      | Gained mutation: Armour fits poorly on your strangely shaped body. [a neqoxec]
115233 | Pan      | Noticed Mnoleg
115237 | Pan      | Paralysed by a floating eye for 2 turns
115247 | Pan      | Killed Mnoleg
115253 | Pan      | Got a glowing rune of Zot
115311 | Pan      | Found an exit through the horrors of the Abyss.
115321 | Pan      | Took an exit into the Abyss.
115321 | Abyss:1  | Escaped into the Abyss
115366 | Abyss:3  | Found a corrupted altar of Lugonu.
115549 | Abyss:3  | Lost mutation: You possess an exceptional clarity of mind. [a neqoxec]
115656 | Abyss:3  | Paralysed by accursed screaming for 1 turns
115807 | Abyss:4  | Found a corrupted altar of Lugonu.
115936 | Abyss:4  | Got an abyssal rune of Zot
116247 | Abyss:4  | Paralysed by accursed screaming for 1 turns
116317 | Abyss:4  | Gained mutation: Your spells are a little harder to cast, but a little more powerful. [mutagenic glow]
116330 | Depths:5 | Escaped the Abyss
116393 | Depths:4 | Lost mutation: You evolve. [potion of mutation]
116393 | Depths:4 | Lost mutation: Your spells are a little harder to cast, but a little more powerful. [potion of mutation]
116393 | Depths:4 | Lost mutation: You have large cloven feet. [potion of mutation]
116393 | Depths:4 | Lost mutation: You do not regenerate when monsters are visible. [potion of mutation]
116393 | Depths:4 | Gained mutation: You are very frail. (-20% HP) [potion of mutation]
116393 | Depths:4 | Gained mutation: You are partially covered in slimy green scales. (AC +2) [potion of mutation]
116394 | Depths:4 | Lost mutation: Armour fits poorly on your strangely shaped body. [potion of mutation]
116394 | Depths:4 | Lost mutation: You are very frail. (-20% HP) [potion of mutation]
116394 | Depths:4 | Gained mutation: You have large cloven feet. [potion of mutation]
116394 | Depths:4 | Gained mutation: You are resistant to hostile enchantments. (MR+) [potion of mutation]
116399 | Zig:1    | Entered Level 1 of a ziggurat
116427 | Zig:2    | Entered Level 2 of a ziggurat
116451 | Zig:2    | Got a slimy great sword
116453 | Zig:2    | Identified the cursed +3 great sword "Nuygat" {flame, +Fly rF+ Str-3} (You found it on level 2 of a ziggurat)
116458 | Zig:3    | Entered Level 3 of a ziggurat
116499 | Zig:4    | Entered Level 4 of a ziggurat
116502 | Zig:4    | Noticed a juggernaut
116516 | Zig:4    | Killed a juggernaut
116541 | Zig:5    | Entered Level 5 of a ziggurat
116618 | Zig:5    | Noticed Coja the pandemonium lord
116621 | Zig:6    | Entered Level 6 of a ziggurat
116672 | Zig:6    | Got a warped longbow
116677 | Zig:7    | Entered Level 7 of a ziggurat
116791 | Zig:8    | Entered Level 8 of a ziggurat
116825 | Zig:8    | Got a pitted granite ring
116827 | Zig:8    | Identified the ring "Wunemish" {rN+ Str+2 Int+4} (You found it on level 8 of a ziggurat)
116829 | Zig:9    | Entered Level 9 of a ziggurat
116863 | Zig:9    | Noticed a seraph
116867 | Zig:9    | Identified Heoggol's Grimoire of Enchanting Ice
116873 | Zig:10   | Entered Level 10 of a ziggurat
116904 | Zig:10   | Reached skill level 27 in Spellcasting
116957 | Zig:11   | Entered Level 11 of a ziggurat
116963 | Zig:11   | Noticed Kifephir the pandemonium lord
116974 | Zig:11   | Killed Kifephir the pandemonium lord
117024 | Zig:12   | Entered Level 12 of a ziggurat
117046 | Zig:12   | Noticed Ebeupe the pandemonium lord
117061 | Zig:12   | Killed Ebeupe the pandemonium lord
117079 | Zig:12   | Noticed Qeisia the pandemonium lord
117084 | Zig:13   | Entered Level 13 of a ziggurat
117103 | Zig:13   | Was placed under penance by the Shining One
117134 | Zig:13   | Reached skill level 1 in Ice Magic
117139 | Zig:13   | Identified the Collected Works on Torrid Displacement
117209 | Zig:13   | Identified the Papyrus of Lethal Clay
117234 | Zig:13   | Noticed Vuogen Fukh the pandemonium lord
117256 | Zig:13   | Killed Vuogen Fukh the pandemonium lord
117285 | Zig:13   | Noticed a seraph
117292 | Zig:14   | Entered Level 14 of a ziggurat
117337 | Zig:14   | Found the +8 frozen axe "Frostbite" {freezing cloud, *Noise +Fly rC+}
117400 | Zig:14   | Identified the ring "Wetaashe" {Wiz Str+2} (You found it on level 14 of a ziggurat)
117518 | Zig:14   | Noticed a seraph
117523 | Zig:15   | Entered Level 15 of a ziggurat
117533 | Zig:15   | Gained mutation: Your body sometimes deteriorates upon taking damage. [a shining eye]
117571 | Zig:15   | Was forgiven by the Shining One
117589 | Zig:15   | Noticed Niliecam the pandemonium lord
117605 | Zig:15   | Killed Niliecam the pandemonium lord
117646 | Zig:15   | Identified the cursed ring "Zidafuaf" {rPois AC-2 Dex+4 Stlth+} (You found it on level 15 of a ziggurat)
117648 | Zig:16   | Entered Level 16 of a ziggurat
117653 | Zig:16   | Noticed Sioczuof the pandemonium lord
117664 | Zig:16   | Killed Sioczuof the pandemonium lord
117790 | Zig:17   | Entered Level 17 of a ziggurat
117807 | Zig:17   | Noticed an ancient lich
117834 | Zig:17   | Killed an ancient lich
117879 | Zig:17   | Noticed Bomocw the pandemonium lord
117879 | Zig:17   | Noticed an ancient lich
117886 | Zig:17   | Killed an ancient lich
117890 | Zig:17   | Killed Bomocw the pandemonium lord
117908 | Zig:18   | Entered Level 18 of a ziggurat
117915 | Zig:18   | Noticed Abaomn the pandemonium lord
117928 | Zig:18   | Killed Abaomn the pandemonium lord
117929 | Zig:18   | Noticed Pinen the pandemonium lord
117941 | Zig:18   | Killed Pinen the pandemonium lord
117958 | Zig:18   | Gained mutation: You have hoof-like feet. [a neqoxec]
117963 | Zig:18   | Gained mutation: Your body often deteriorates upon taking damage. [a neqoxec]
118024 | Zig:18   | Got a smoking helmet
118026 | Zig:18   | Identified the +2 helmet "Wefyacso" {rF- MR++ SInv} (You found it on level 18 of a ziggurat)
118050 | Zig:18   | Identified the ring of Liorgh {+Fly SInv} (You found it on level 18 of a ziggurat)
118063 | Zig:19   | Entered Level 19 of a ziggurat
118138 | Zig:19   | Noticed Faqeol the pandemonium lord
118159 | Zig:19   | Killed Faqeol the pandemonium lord
118202 | Zig:19   | Noticed Ygorrozy the pandemonium lord
118205 | Zig:20   | Entered Level 20 of a ziggurat
118218 | Zig:20   | Noticed Omuepua the pandemonium lord
118228 | Zig:20   | Killed Omuepua the pandemonium lord
118290 | Zig:20   | Identified the cursed +0 pair of gloves of the Snake Pit {rCorr} (You found it on level 20 of a ziggurat)
118305 | Zig:21   | Entered Level 21 of a ziggurat
118351 | Zig:21   | Noticed Jaaxt the pandemonium lord
118362 | Zig:21   | Killed Jaaxt the pandemonium lord
118366 | Zig:21   | Noticed Duturch the pandemonium lord
118383 | Zig:21   | Killed Duturch the pandemonium lord
118406 | Zig:21   | Noticed Vounal the pandemonium lord
118419 | Zig:21   | Killed Vounal the pandemonium lord
118437 | Zig:21   | Identified Omicokye's Papyrus of the Voyage
118438 | Zig:21   | Identified Sif Muna's Guide on Flamy Attacks
118451 | Zig:21   | Identified the amulet of Wosmuduo {RegenMP MR+} (You found it on level 21 of a ziggurat)
118452 | Zig:21   | Identified the ring "Tankubb" {rPois Dex+3} (You found it on level 21 of a ziggurat)
118458 | Zig:22   | Entered Level 22 of a ziggurat
118542 | Zig:22   | Noticed Juutoploa the pandemonium lord
118548 | Zig:22   | Killed Juutoploa the pandemonium lord
118560 | Zig:22   | Hit by an earth elemental thrown by iron giant

Skill      XL: |  1  2  3  4  5  6  7  8  9 10 11 12 13 14 15 16 17 18 19 20 21 22 23 24 25 26 27 |
---------------+----------------------------------------------------------------------------------+-----
Fighting       | 4 5 6 7 9 10 11 12 14 15 16 17 18 19 20 21 22 23 24 27 | 27.0
Maces & Flails | 4 5 6 8 10 11 12 14 15 16 17 18 19 20 21 22 23 24 27 | 27.0
Dodging        | 2 3 4 5 6 19 | 19.9
Shields        | 1 2 3 4 6 7 9 10 11 12 13 14 16 17 18 19 20 21 22 23 24 27 | 27.0
Stealth        | 1 2 3 |  3.5
Armour         | 3 5 6 7 8 10 11 12 13 14 15 16 17 18 19 27 | 27.0
Axes           | 2 |  2.5
Evocations     | 1 2 26 | 26.1
Unarmed Combat | 1 2 |  2.3
Spellcasting   | 1 27 | 27.0
Charms         | 1 21 | 21.0
Invocations    | 1 27 | 27.0
Throwing       | 2 |  2.4
Necromancy     | 2 |  2.7
Hexes          | 20 | 20.9
Translocations | 21 | 21.8
Air Magic      | 4 |  4.3
Ice Magic      | 2 |  2.0

Action                   |  1- 3 |  4- 6 |  7- 9 | 10-12 | 13-15 | 16-18 | 19-21 | 22-24 | 25-27 || total
-------------------------+-------+-------+-------+-------+-------+-------+-------+-------+-------++-------
Melee: Mace              |   117 |    24 |       |       |       |       |       |       |       ||   141
       Morningstar       |       |   119 |   353 |   335 |       |       |       |       |       ||   807
       Eveningstar       |       |       |       |   459 |  1649 |  2411 |  1449 |  2118 |  1802 ||  9888
       Hand axe          |       |       |       |    74 |       |       |       |       |       ||    74
       Demon whip        |       |       |       |       |       |       |   490 |       |       ||   490
       Sacred scourge    |       |       |       |       |       |       |       |   721 | 14349 || 15070
       Headbutt          |       |       |       |       |       |       |       |       |  1609 ||  1609
Throw: Throwing net      |       |       |       |       |       |       |       |       |     3 ||     3
 Cast: Apportation       |       |       |       |       |       |       |       |       |    18 ||    18
       Swiftness         |       |       |       |       |       |       |       |       |     1 ||     1
       Silence           |       |       |       |       |       |       |       |       |     1 ||     1
       Song of Slaying   |       |       |       |       |       |       |       |       |     1 ||     1
Invok: Berserk           |     1 |       |     3 |     6 |    13 |    10 |     1 |       |       ||    34
       Trog's Hand       |       |       |     1 |       |     1 |       |     2 |       |       ||     4
       Burn Spellbooks   |       |       |       |       |     1 |       |       |       |       ||     1
       Brothers in Arms  |       |       |       |       |       |       |     1 |       |       ||     1
       Divine Shield     |       |       |       |       |       |       |       |     2 |     4 ||     6
       Brand Weapon With |       |       |       |       |       |       |       |     1 |       ||     1
       Cleansing Flame   |       |       |       |       |       |       |       |       |   148 ||   148
       Summon Divine War |       |       |       |       |       |       |       |       |     2 ||     2
 Abil: Fly               |       |       |       |       |     1 |       |       |       |     1 ||     2
       Blink             |       |       |       |       |     2 |     6 |       |    21 |    47 ||    76
       Stop Flying       |       |       |       |       |       |       |       |       |     1 ||     1
Evoke: Wand              |       |       |       |       |     6 |     2 |     3 |     5 |    22 ||    38
       Sack of spiders   |       |       |       |       |     2 |       |       |       |       ||     2
       Lamp of fire      |       |       |       |       |     1 |       |       |     1 |    20 ||    22
       Phial of floods   |       |       |       |       |       |       |       |     2 |    13 ||    15
       Box of beasts     |       |       |       |       |       |       |       |     2 |     6 ||     8
       Phantom mirror    |       |       |       |       |       |       |       |       |     3 ||     3
       Lightning rod     |       |       |       |       |       |       |       |       |    44 ||    44
       Fan of gales      |       |       |       |       |       |       |       |       |     4 ||     4
  Use: Scroll            |       |       |     5 |     2 |    13 |    18 |    11 |    15 |    97 ||   161
       Potion            |       |       |       |       |     3 |     4 |     5 |    14 |    72 ||    98
 Stab: Distracted        |       |       |       |       |       |       |     1 |       |       ||     1
  Eat: Chunk             |     2 |     2 |     4 |    12 |    32 |    19 |    19 |    12 |    25 ||   127
       Ration            |       |     1 |     2 |     3 |     8 |     9 |     4 |     9 |    67 ||   103
Armor: Animal skin       |    29 |   100 |       |       |       |       |       |       |       ||   129
       Chain mail        |       |       |   212 |   585 |   800 |       |       |       |       ||  1597
       Scale mail        |       |       |     2 |       |       |       |       |       |       ||     2
       Ice dragon scales |       |       |       |       |   107 |    29 |       |       |       ||   136
       Gold dragon scale |       |       |       |       |       |  2309 |  1270 |  2451 |  9299 || 15329
Dodge: Dodged            |    62 |    96 |    88 |   310 |   614 |   656 |   337 |   811 |  4816 ||  7790
Block: Shield            |    30 |    96 |   164 |   539 |    77 |       |       |       |  4508 ||  5414
       Buckler           |       |       |       |       |   803 |  1454 |   857 |  2044 |  6901 || 12059
       Rpst.: Sacred scourge |       |       |       |       |       |       |       |     9 |   779 ||   788
       Eveningstar       |       |       |       |       |       |       |       |       |   100 ||   100
